 Dungeon Crawl Stone Soup version 0.31-a0-4-gefa6de2278 (webtiles) character file.

Game seed: 16190015380234645222

894977 Ijustatesigmund the Gnoll Porcupine (level 27, -9/302 HPs)
             Began as a Gnoll Conjurer on May 1, 2023.
             Was a High Priest of Cheibriados.
             Mangled by Cerebov
             ... wielding the +6 sword of Cerebov {flame}
              (46 damage)
             ... in Pandemonium on May 4, 2023.
             The game lasted 06:31:01 (115220 turns).

Ijustatesigmund the Gnoll Porcupine (GnCj)        Turns: 115220, Time: 06:31:02

Health: -9/302     AC: 41    Str: 20    XL:     27
Magic:  18/50      EV: 32    Int: 40    God:    Cheibriados [*****.]
Gold:   7349       SH: 27    Dex: 23    Spells: 1/72 levels left

rFire   + + .        s - +18 lance "Wyrmbane" {slay drac, rPois rF+ rC+ AC+3}
rCold   + + +        f - +2 shield of Resistance {rF++ rC++ Will++}
rNeg    + + .        D - melded +0 pearl dragon scales of the Vacuum {rElec rF- rN+ Str+8 Dex-2}
rPois   ∞            X - +2 hat of Dohigyng {SInv}
rElec   +            F - +2 cloak "Miwiloesi" {rElec}
rCorr   .            C - melded +2 pair of gloves
SInv    +            l - melded +2 pair of boots
Will    ++++.        R - amulet of the Jackalope {Reflect rF+ SH+5}
Stlth   ++++++++++   v - ring of wizardry
HPRegen 0.70/turn    T - ring of Etas {rElec rC+ rN+ Slay+4}
MPRegen 0.32/turn

%: reflection, wizardry (x1)
@: statue-form, fire vulnerable, studying 5 skills, unable to drink, very slow
A: slow and powerful, torment resistance 1, boosted hp, fangs 1, strong nose,
distributed training, claws 1, horns 1, clumsy 2, deformed body, dopey 1,
screaming 2, weak 1, subdued magic 1, inability to drink after injury 2
}: 8/15 runes: decaying, slimy, silver, abyssal, demonic, glowing, dark,
gossamer
a: End Transformation, Renounce Religion, Bend Time, Temporal Distortion,
Slouch, Step From Time


You were in Pandemonium.
You worshipped Cheibriados.
Cheibriados was extremely pleased with you.
You were a living statue of rough stone.
You visited 14 branches of the dungeon, and saw 59 of its levels.
You visited Pandemonium 2 times, and saw 16 of its levels.
You visited the Abyss 1 time.
You visited 1 ziggurat, and saw 14 of its levels.
You also visited: Bailey and Gauntlet.

You collected 13046 gold pieces.
You spent 5697 gold pieces at shops.

Inventory:

Hand Weapons
 s - the +18 lance "Wyrmbane" (weapon) {slay drac, rPois rF+ rC+ AC+3}
   (You took it off Maggie on level 8 of the Dungeon)

   AC:        It affects your AC (+3).
   rF:        It protects you from fire.
   rC:        It protects you from cold.
   rPois:     It protects you from poison.
Armour
 a - a +2 robe of the Archmagi
 f - the +2 shield of Resistance (worn) {rF++ rC++ Will++}
   (You bought it in a shop on level 2 of the Orcish Mines)

   rF:        It greatly protects you from fire.
   rC:        It greatly protects you from cold.
   Will:      It greatly increases your willpower.
 l - a +2 pair of boots (melded)
 C - a +2 pair of gloves (melded)
 D - the +0 pearl dragon scales of the Vacuum (melded) {rElec rF- rN+ Str+8 Dex-2}
   (You bought it in a shop on level 2 of the Orcish Mines)

   Str:       It affects your strength (+8).
   Dex:       It affects your dexterity (-2).
   rF:        It makes you vulnerable to fire.
   rElec:     It insulates you from electricity.
   rN:        It protects you from negative energy.
 E - a +2 hat of willpower
 F - the +2 cloak "Miwiloesi" (worn) {rElec}
   (You found it in a Gauntlet)

   rElec:     It insulates you from electricity.
 O - +8 fire dragon scales
 X - the +2 hat of Dohigyng (worn) {SInv}
   (You found it on level 4 of the Spider Nest)

   SInv:      It lets you see invisible.
Magical Staves
 P - the staff of earth "Bizeut" {rElec Will+ Str+2}
   (You found it on level 1 of the Lair of Beasts)

   [staff of earth]

   Base accuracy: +5 Base damage: 5 Base attack delay: 1.2 This weapon's minimum
   attack delay (0.6) is reached at skill level 12.
   Str:       It affects your strength (+2).
   rElec:     It insulates you from electricity.
   Will:      It increases your willpower.
   It falls into the 'Staves' category.
   It is a one-handed weapon.
Jewellery
 q - the amulet of the Four Winds {rN+ Will+++ Clar}
   (You took it off a deep elf master archer on level 3 of the Elven Halls)

   [amulet of nothing]

   rN:        It protects you from negative energy.
   Clar:      It protects you from confusion, rage, mesmerisation and fear.
   Will:      It greatly increases your willpower.
 v - a ring of wizardry (left claw)
 x - the ring of the Lotus Blossom {rPois rC+ Int+6 Stlth-}
   (You found it on level 11 of a ziggurat)

   [ring of intelligence]

   Int:       It affects your intelligence (+6).
   rC:        It protects you from cold.
   rPois:     It protects you from poison.
   Stlth:     It makes you less stealthy.
 H - the ring "Dyuxor" {rPois rN+ rCorr Str+2}
   (You bought it in a shop on level 4 of the Dungeon)

   [ring of positive energy]

   Str:       It affects your strength (+2).
   rPois:     It protects you from poison.
   rN:        It protects you from negative energy.
   rCorr:     It protects you from acid and corrosion.
 L - the ring "Defiestriy" {rC+ rN+ SInv}
   (You found it on level 3 of the Crypt)

   [ring of positive energy]

   rC:        It protects you from cold.
   rN:        It protects you from negative energy.
   SInv:      It lets you see invisible.
 R - the amulet of the Jackalope (around neck) {Reflect rF+ SH+5}
   (You took it off a necromancer on level 3 of the Vaults)

   [amulet of reflection]

   It reflects blocked missile attacks.
   rF:        It protects you from fire.
   SH:        It affects your SH (+5).
 T - the ring of Etas (right claw) {rElec rC+ rN+ Slay+4}
   (You found it on level 3 of the Crypt)

   [ring of positive energy]

   Slay:      It affects your accuracy & damage with ranged weapons and melee
   (+4).
   rC:        It protects you from cold.
   rElec:     It insulates you from electricity.
   rN:        It protects you from negative energy.
 U - a ring of wizardry
 Y - the ring of the Hare {EV+10}
   (You found it on level 11 of a ziggurat)

   [ring of evasion]

   EV:        It affects your evasion (+10).
Wands
 t - a wand of roots (49)
 u - a wand of paralysis (74)
 z - a wand of mindburst (26)
 B - a wand of flame (128)
 J - a wand of digging (43)
 Z - a wand of polymorph (40)
Scrolls
 c - 12 scrolls of fog
 h - 2 scrolls of enchant armour
 o - 10 scrolls of amnesia
 r - 4 scrolls of immolation
 w - 4 scrolls of teleportation
 y - 10 scrolls of poison
 A - 7 scrolls of magic mapping
 M - 8 scrolls of fear
 Q - 57 scrolls of identify
 S - 4 scrolls of brand weapon
 W - 6 scrolls of silence
Potions
 b - 3 potions of magic
 e - 6 potions of resistance
 g - 18 potions of attraction
 i - 21 potions of lignification
 j - 21 potions of curing
 k - 2 potions of invisibility
 m - 12 potions of flight
 n - 17 potions of ambrosia
 p - 4 potions of heal wounds
 G - 10 potions of might
 I - 9 potions of brilliance
 K - 2 potions of cancellation
 N - 2 potions of berserk rage
Miscellaneous
 d - a condenser vane
 V - a phantom mirror (inert)


   Skills:
 + Level 22.7 Fighting
 + Level 22.7 Short Blades
 + Level 22.7 Long Blades
 + Level 22.7 Axes
 + Level 26.7 Maces & Flails
 O Level 27 Polearms
 + Level 22.7 Staves
 + Level 25.8 Ranged Weapons
 + Level 22.7 Throwing
 + Level 22.7 Armour
 + Level 23.0 Dodging
 + Level 25.9 Stealth
 O Level 27 Shields
 + Level 22.7 Unarmed Combat
 + Level 23.1 Spellcasting
 + Level 20.5 Conjurations
 + Level 19.5 Hexes
 + Level 19.5 Summonings
 + Level 19.5 Necromancy
 + Level 19.5 Translocations
 + Level 19.5 Transmutations
 + Level 19.5 Fire Magic
 + Level 19.5 Ice Magic
 + Level 19.5 Air Magic
 + Level 19.5 Earth Magic
 + Level 19.5 Poison Magic
 + Level 24.5 Invocations
 + Level 22.7 Evocations


You had one spell level left.
You knew the following spells:

 Your Spells              Type           Power      Damage    Failure   Level
a - Magic Dart            Conj           100%       1d8       0%          1
b - Necromutation         Tmut/Necr      50%        N/A       1%          8
c - Iskenderun's Mystic   Conj/Tloc      100%       2d19      0%          4
d - Apportation           Tloc           100%       N/A       0%          1
e - Passwall              Tmut/Erth      84%        N/A       0%          2
f - Hailstorm             Conj/Ice       100%       3d20      0%          3
g - Ignition              Fire           50%        3d14      1%          8
h - Polar Vortex          Ice            50%        N/A       5%          9
i - Statue Form           Tmut/Erth      67%        N/A       0%          6
j - Iron Shot             Conj/Erth      51%        9d10      0%          6
k - Orb of Destruction    Conj           52%        9d13      1%          7
l - Spellforged Servitor  Conj/Summ      51%        N/A       1%          7
m - Dispel Undead         Necr           100%       3d31      0%          4
n - Irradiate             Conj/Tmut      51%        3d28      0%          5

Your spell library contained the following spells:

 Spells                   Type           Power      Damage    Failure   Level
 Foxfire                  Conj/Fire      100%       2x1d9     0%          1
 Necrotise                Necr           100%       1d9       0%          1
 Shock                    Conj/Air       100%       1d9       0%          1
 Slow                     Hex            100%       N/A       0%          1
 Summon Small Mammal      Summ           100%       N/A       0%          1
 Call Imp                 Summ           100%       N/A       0%          2
 Cigotuvi's Dreadful Rot  Necr/Pois/Air  100%       N/A       0%          2
 Ensorcelled Hibernation  Hex/Ice        100%       N/A       0%          2
 Lesser Beckoning         Tloc           100%       N/A       0%          2
 Poisonous Vapours        Pois/Air       100%       N/A       0%          2
 Scorch                   Fire           100%       2d9       0%          2
 Searing Ray              Conj           100%       2d8       0%          2
 Sublimation of Blood     Necr           100%       N/A       0%          2
 Wereblood                Tmut           100%       N/A       0%          2
 Call Canine Familiar     Summ           100%       N/A       0%          3
 Confusing Touch          Hex            100%       N/A       0%          3
 Dazzling Flash           Conj/Hex       100%       N/A       0%          3
 Gell's Gravitas          Tloc           100%       N/A       0%          3
 Ignite Poison            Fire/Tmut/Pois 100%       N/A       0%          3
 Inner Flame              Hex/Fire       100%       N/A       0%          3
 Mephitic Cloud           Conj/Pois/Air  100%       N/A       0%          3
 Ozocubu's Armour         Ice            100%       N/A       0%          3
 Portal Projectile        Hex/Tloc       100%       N/A       0%          3
 Spider Form              Tmut/Pois      100%       N/A       0%          3
 Stone Arrow              Conj/Erth      100%       3d13      0%          3
 Summon Guardian Golem    Hex/Summ       100%       N/A       0%          3
 Swiftness                Air            100%       N/A       0%          3
 Teleport Other           Tloc           100%       N/A       0%          3
 Tukima's Dance           Hex            100%       N/A       0%          3
 Vampiric Draining        Necr           100%       2d13      0%          3
 Vhi's Electric Charge    Tloc/Air       100%       N/A       0%          3
 Volatile Blastmotes      Fire/Tloc      100%       2d18      0%          3
 Airstrike                Air            50%        2d(8-24)  0%          4
 Anguish                  Hex/Necr       50%        N/A       0%          4
 Animate Armour           Summ/Erth      100%       N/A       0%          4
 Cause Fear               Hex            50%        N/A       0%          4
 Flame Wave               Conj/Fire      100%       2d21      0%          4
 Fulminant Prism          Conj/Hex       51%        3d22      0%          4
 Ice Form                 Ice/Tmut       100%       N/A       0%          4
 Olgreb's Toxic Radiance  Pois           100%       N/A       0%          4
 Petrify                  Tmut/Erth      100%       N/A       0%          4
 Sticky Flame             Conj/Fire      100%       2d11      0%          4
 Summon Ice Beast         Ice/Summ       100%       N/A       0%          4
 Summon Lightning Spire   Summ/Air       100%       N/A       0%          4
 Alistair's Intoxication  Tmut/Pois      67%        N/A       0%          5
 Arcjolt                  Conj/Air       51%        1d61      0%          5
 Blade Hands              Tmut           50%        N/A       0%          5
 Borgnjor's Vile Clutch   Necr/Erth      50%        N/A       0%          5
 Fireball                 Conj/Fire      51%        3d20      0%          5
 Iskenderun's Battlesphe  Conj           100%       2d15      0%          5
 Lee's Rapid Deconstruct  Erth           50%        3d24*     0%          5
 Metabolic Englaciation   Hex/Ice        50%        N/A       0%          5
 Silence                  Hex/Air        50%        N/A       0%          5
 Summon Forest            Summ/Tloc      50%        N/A       0%          5
 Summon Mana Viper        Hex/Summ       100%       N/A       0%          5
 Yara's Violent Unravell  Hex/Tmut       50%        3d19      0%          5
 Death Channel            Necr           50%        N/A       0%          6
 Dispersal                Tloc           50%        N/A       0%          6
 Eringya's Noxious Bog    Tmut/Pois      50%        N/A       0%          6
 Simulacrum               Ice/Necr       50%        N/A       0%          6
 Summon Cactus Giant      Summ           50%        N/A       0%          6
 Dragon Form              Tmut           50%        N/A       1%          7
 Enfeeble                 Hex            50%        N/A       1%          7
 Monstrous Menagerie      Summ           50%        N/A       1%          7
 Ozocubu's Refrigeration  Ice            50%        4d18      1%          7
 Storm Form               Tmut/Air       50%        N/A       1%          7
 Summon Hydra             Summ           50%        N/A       1%          7
 Borgnjor's Revivificati  Necr           50%        N/A       1%          8
 Discord                  Hex            50%        N/A       1%          8
 Lehudib's Crystal Spear  Conj/Erth      51%        10d12     1%          8
 Maxwell's Capacitive Co  Air            50%        ∞         1%          8
 Fire Storm               Conj/Fire      51%        8d13      4%          9
 Death's Door             Necr           50%        N/A       5%          9
 Dragon's Call            Summ           50%        N/A       5%          9


Dungeon Overview and Level Annotations

Branches:
Dungeon (15/15)            Temple (1/1) D:5            Lair (5/5) D:8
  Swamp (4/4) Lair:2       Spider (4/4) Lair:3        Slime (5/5) Lair:4
    Orc (2/2) D:11            Elf (3/3) Orc:2        Vaults (5/5) D:13
  Crypt (3/3) Vaults:3       Tomb (0/3) Crypt:3      Depths (4/4) D:15
   Hell (visited)             Dis (0/7) Hell            Geh (0/7) Hell
    Coc (0/7) Hell            Tar (2/7) Hell            Zot (5/5) Depths:4
 Bailey (visited)         Gauntlet (visited)

Altars:
Ashenzari
Cheibriados
Dithmenos
Elyvilon
Fedhas
Gozag
Hepliaklqana
Kikubaaqudgha
Makhleb
Nemelex Xobeh
Okawaru
Qazlal
Ru
Sif Muna
Trog
Uskayaw
Vehumet
Wu Jian
Xom
Yredelemnul
Zin
The Shining One

Shops:
D:1 ?   D:4 =   D:10 =   Orc:2 :*[(   Vaults:3 (

Portals:
Hell: Depths:1 Depths:2 Depths:3 Depths:4
Abyss: Depths:2 Depths:3
Pandemonium: Depths:2

Annotations:
D:5 Natasha
Elf:1 1 runed translucent door
Pan Cerebov


Innate Abilities, Weirdness & Mutations

You are a living statue of rough stone.
Your actions are slow, but your melee attacks are powerful.
You are resistant to unholy torment.
Your maximum health is greatly increased.
You are immune to poison.
Your equipment is partially melded.
You have very sharp teeth.
Your uncanny sense of smell can sniff out nearby items.
Your experience applies equally to all skills.
You have sharp fingernails.
You have a pair of small horns on your head.
You are very clumsy. (Dex -4)
Armour fits poorly on your strangely shaped body.
You are dopey. (Int -2)
You frequently scream uncontrollably at your foes.
You are weak. (Str -2)
Your spells are a little easier to cast, but a little less powerful.
You sometimes lose the ability to drink potions when taking damage.


Message History

You partially resist.
The great blast of fire engulfs Cerebov!!
Cerebov partially resists.
Cerebov closely misses you. 8 fire vortices come into view.
Casting: Iron Shot (safe; 0% risk of failure)
Confirm with . or Enter, or press ? or * to list all spells.
Aiming: Iron Shot (safe; 0% risk of failure)
Press: ? - help, Shift-Dir - straight line, f/p - Cerebov
Aim: Cerebov, wielding the +6 sword of Cerebov {flame} (whirling frost, heavily wounded, fast, 84% to hit)
The iron shot hits Cerebov!!!
Cerebov is heavily wounded.
Cerebov hits you with the +6 sword of Cerebov {flame}!!
Cerebov burns you.
A sun demon comes into view.
A fire vortex comes into view.
Cerebov gestures at you.
A raging storm of fire appears!
The great blast of fire engulfs you!!! You partially resist.
* * * LOW HITPOINT WARNING * * *
The great blast of fire engulfs Cerebov!!
Cerebov partially resists.
The fire vortex moves out of view. 3 fire vortices come into view.
Activating: Slouch (0% risk of failure)
Press: ? - help, Dir - look around, f - activate You can feel time thicken for a moment.
The fire vortex dissipates! x11
You are engulfed in blazing flames.
You resist. The winds around you calm down. Cerebov completely misses you.
You block Cerebov's attack.
The Brimstone Fiend calls on the powers of darkness!
Your body is wracked with pain!
* * * LOW HITPOINT WARNING * * *
Activating: Slouch (0% risk of failure)
Press: ? - help, Dir - look around, f - activate You can feel time thicken for a moment.
The fire vortex dissipates!
You kill the sun demon!
Cheibriados thoroughly appreciates the change of pace.
Cheibriados lowers the support of your attributes as your movement quickens.
You block Cerebov's attack.
Cerebov hits you with the +6 sword of Cerebov {flame}!!!
You die...

#*,,,,,,######∆∆∆#)....#
*,,,,,,...###*∆∆∆#.)...#
,,,****......'∆∆∆#.....#
,,,*~~*##....#**##.....#
,,**~~~≈....°.* #.).)..#
,**,,,,.≈§....###...)[.##########
**,*,,,#≈≈≈.○.°'..○)..)#.).)...).
*∆,*,,,#§≈≈....'°°○°).)..########
**,*,,,#§≈1.°.○'8&.....###
,**,,,,.≈≈^...###.○).).#
,,**~~~≈......* #.°....#
,,,*~~*##....#**##.....#
,,,****......',,∆#.....#
*,,,,,,...###*∆,∆#.....#
#*,,,,,.######∆∆∆#.....#
##*+****###..#####.....#
)#∆,,####...........,,,*


You could see Cerebov (fast) and a Brimstone Fiend (summoned).

Vanquished Creatures
  the Royal Jelly (Slime:5)
  Ignacio (Pan)
  Gloorx Vloq (Pan)
  Mnoleg (Pan)
  A dread lich (Vaults:5)
  4 orbs of fire
  2 juggernauts
  2 royal mummies (Zig:5)
  7 pandemonium lords
  2 Killer Klowns (Zot:5)
  Parghit (Zot:1)
  Geryon (Hell)
  A caustic shrike (Zig:7)
  3 curse toes
  10 golden dragons
  6 bone dragons
  3 profane servitors
  A pearl dragon (Pan)
  5 iron giants
  5 electric golems
  5 Tzitzimimeh
  4 doom hounds
  The ghost of Masme the Warrior, an adept MiBe of Trog (Swamp:1)
  2 hellephants
  20 tentacled monstrosities
  3 Brimstone Fiends (Pan)
  11 Orb Guardians (Zot:5)
  3 liches
  4 Hell Sentinels
  A tainted leviathan (Tar:1)
  Asterion (Elf:1)
  Rupert (D:13)
  3 Ice Fiends
  6 quicksilver dragons
  Grunn (Depths:2)
  5 deep elf blademasters
  2 deep elf master archers (Elf:3)
  33 Executioners (Pan)
  A walking frostbound tome (Depths:2)
  5 titans
  2 ancient champions (Crypt:2)
  3 searing wretches (Zig:10)
  Frances (D:13)
  24 acid blobs
  3 sphinxes
  8 death cobs
  Gastronok (Lair:3)
  6 tentacled starspawn
  Murray (Depths:4)
  Kirke (D:13)
  7 tengu reavers
  A storm dragon (shapeshifter) (Vaults:5)
  18 storm dragons
  A thorn hunter (Swamp:4)
  8 rockslimes
  2 daevas (Pan)
  Donald (Swamp:2)
  4 draconian monks
  9 shadow dragons
  6 revenants
  13 demonspawn warmongers (Pan)
  5 draconian knights
  15 frost giants
  4 emperor scorpions
  14 azure jellies
  3 iron dragons
  11 fire giants
  7 deep elf sorcerers
  37 balrugs
  Aizul (Swamp:1)
  A spectral caustic shrike (Tar:2)
  A draconian scorcher (Zot:5)
  Louise (Spider:1)
  6 curse skulls
  10 ghouls
  The ghost of Noixka the Fighter, a journeyman DrTm of Gozag (Swamp:1)
  4 deep elf elementalists
  13 vault wardens
  8 ghost moths
  24 cacodemons (Pan)
  2 orc warlords
  3 angels (Pan)
  A juggernaut zombie (Crypt:1)
  10 draconian shifters
  2 caustic shrike skeletons
  16 demonspawn corrupters (Pan)
  21 ironbound preservers
  11 vampire knights
  9 war gargoyles
  4 draconian annihilators
  9 quicksilver oozes
  33 very ugly things
  5 broodmothers (Spider:4)
  20 reapers
  9 ironbound thunderhulks
  11 green draconians
  12 demonspawn blood saints
  An ophan (Pan)
  3 spriggan defenders
  The ghost of Xiggev the Fighter, a journeyman OpMo of Vehumet (Lair:4)
  9 apis (Pan)
  7 deep elf demonologists
  13 stone giants
  2 eleionomae
  15 deep elf annihilators
  7 demonspawn black suns
  11 black draconians
  5 white draconians
  8 bunyips
  21 dire elephants
  19 lorocyprocas
  11 spark wasps
  4 red draconians
  A minotaur (Gauntlet)
  8 purple draconians
  2 putrid mouths
  7 yellow draconians
  The ghost of Lege Oro the Blocker, a journeyman VSBr of Okawaru (Lair:3)
  11 green deaths
  9 deep elf death magi
  11 blizzard demons
  A crystal guardian (Hell)
  10 eidola
  2 iron golems (Hell)
  17 ettins
  22 fire dragons
  A spectral quicksilver dragon (Crypt:3)
  6 spectral spriggans
  Fannar (Orc:1)
  A merfolk javelineer (Depths:3)
  A spectral iron giant (Tar:1)
  15 jiangshi
  Josephine (D:10)
  17 entropy weavers
  13 great orbs of eyes
  5 rakshasas
  2 shambling mangroves
  21 yaktaur captains
  9 deep elf high priests
  10 ice dragons
  A ghost crab (Swamp:4)
  21 hydras
  Erolcha (D:13)
  Harold (Lair:1)
  27 vault guards
  A quicksilver dragon skeleton (Abyss:2)
  A death knight (Crypt:1)
  3 hell beasts
  A peacekeeper (Vaults:4)
  Erica (Lair:2)
  4 ironbound frosthearts
  3 catoblepae (Lair:5)
  4 spriggan air magi
  6 radroaches
  3 jorogumos (Spider:3)
  A two-headed ogre (shapeshifter) (Abyss:2)
  2 spriggan skeletons
  8 centaur warriors
  2 Orb Guardian skeletons (Crypt:1)
  11 deep troll shamans
  The ghost of Azuvok the Severer, a novice MiFi of Okawaru (D:7)
  The ghost of Majang the Cleaver, a journeyman GrGl of Qazlal (Lair:1)
  5 two-headed ogres
  6 boulder beetles
  7 alligators
  23 dancing weapons
  3 orc high priests (Orc:2)
  A quicksilver ooze zombie (Crypt:1)
  4 death yaks (Lair:5)
  6 tengu warriors
  5 spriggan berserkers
  10 thrashing horrors
  14 hell hogs
  10 deep troll earth magi
  A spectral storm dragon (Crypt:3)
  6 holy swine (Pan)
  6 vampire magi
  The ghost of xsansara the Grappler, a novice TrFi of Wu Jian (D:7)
  The ghost of Numeracy the Grappler, a novice TrGl of Okawaru (D:7)
  Urug (Lair:5)
  9 hell knights
  A shock serpent (Zig:12)
  A storm dragon zombie (Crypt:2)
  93 sun demons
  11 wretched stars
  26 deep elf knights
  A skyshark (shapeshifter) (Vaults:5)
  37 soul eaters
  3 fire crabs
  7 iron trolls
  3 goliath frogs
  9 pharaoh ants
  2 skysharks
  2 crystal echidnas (Zig:7)
  A sun moth (Spider:4)
  A titan skeleton (Crypt:2)
  21 sixfirhies
  A spectral anaconda (Crypt:3)
  17 orb spiders
  12 shadow demons
  13 shadow wraiths
  11 skeletal warriors
  A death drake (Zig:14)
  An anaconda zombie (Hell)
  3 spatial maelstroms
  65 large abominations
  A spriggan simulacrum (Crypt:3)
  72 deep trolls
  A kraken simulacrum (Hell)
  4 orange crystal statues
  5 flayed ghosts
  A spectral iron dragon (Crypt:3)
  A spectral hydra (Lair:3)
  Pikel (D:6)
  5 steelbarb worms
  6 glowing orange brains
  7 bog bodies
  4 spriggan druids
  9 swamp dragons
  2 obsidian statues (Zig:1)
  11 wizards
  23 deep elf archers
  12 lindwurms
  An anaconda skeleton (Hell)
  21 ironbound convokers
  8 orc knights
  34 deep elf zephyrmancers
  21 phantasmal warriors
  37 deep elf pyromancers
  6 harpies
  7 necromancers
  2 shadow dragon skeletons
  A cyclops (shapeshifter) (D:15)
  8 shining eyes
  26 wolf spiders
  2 salamanders
  A spectral ettin (Tar:1)
  9 orc sorcerers
  5 will-o-the-wisps
  53 ugly things
  2 fire giant zombies
  An oklob plant (Lair:2)
  An eleionoma zombie (Crypt:2)
  3 spectral centaurs (Crypt:3)
  8 cyclopes
  27 moths of wrath
  A black mamba (shapeshifter) (Depths:4)
  4 elephants (Lair:5)
  A rust devil (Pan)
  6 manticores
  A titan simulacrum (Vaults:3)
  2 dire elephant zombies (Crypt:2)
  2 spectral alligator snapping turtles (Crypt:3)
  34 smoke demons
  A black mamba (Lair:3)
  7 eyes of devastation
  An apocalypse crab (Abyss:3)
  A water nymph (shapeshifter) (Elf:3)
  32 demonic crawlers
  29 orange demons
  21 vault sentinels
  9 torpor snails
  2 worldbinders
  7 cane toads
  4 ice statues
  2 molten gargoyles (D:13)
  A naga skeleton (Pan)
  A gargoyle (D:12)
  5 unseen horrors
  Maggie (D:8)
  An elf skeleton (Vaults:3)
  5 centaur skeletons
  A green draconian zombie (Crypt:3)
  5 komodo dragons
  10 efreet
  24 freezing wraiths
  3 rime drakes
  2 minotaur zombies (Gauntlet)
  10 hellions (Pan)
  A sea snake zombie (Hell)
  An unseen horror zombie (Crypt:1)
  19 tormentors
  2 anaconda simulacra (Crypt:3)
  A pale draconian zombie (Crypt:2)
  11 yaktaurs
  2 spectral nagas (Crypt:3)
  3 ice devils
  A bloated husk (Swamp:1)
  5 red devils
  2 silent spectres (Tar:1)
  A spectral harpy (Tar:1)
  5 ancient zymes
  An unseen horror skeleton (Crypt:2)
  A guardian mummy (Zig:3)
  A tyrant leech (shapeshifter) (Vaults:5)
  A harpy zombie (Crypt:2)
  5 trolls
  A troll (shapeshifter) (Depths:2)
  15 meliai
  4 polar bears
  2 queen bees
  A sea snake skeleton (Hell)
  Prince Ribbit (Bailey)
  31 tarantellas
  Grinder (D:3)
  17 hellwings (Pan)
  A tarantella (shapeshifter) (D:15)
  6 tyrant leeches
  15 hornets
  A sphinx simulacrum (Vaults:3)
  An alligator zombie (Hell)
  2 harpy skeletons
  17 blink frogs
  13 raiju
  An iron dragon simulacrum (Crypt:3)
  A hydra skeleton (Hell)
  A snapping turtle (shapeshifter) (D:13)
  3 dream sheep (Lair:1)
  Sigmund (D:3)
  7 air elementals
  11 small abominations
  12 flying skulls
  114 slime creatures
  22 jumping spiders
  5 centaur simulacra
  28 culicivoras
  10 shadows
  9 spriggans
  An ettin skeleton (Crypt:2)
  An alligator skeleton (Hell)
  A spectral black mamba (Crypt:3)
  58 ynoxinuls
  A black mamba skeleton (Pan)
  12 wraiths
  5 basilisks
  9 water elementals
  3 wyverns
  An ice dragon skeleton (Crypt:3)
  8 fire elementals
  52 yaks
  An alligator snapping turtle simulacrum (Crypt:3)
  4 hogs (D:13)
  2 fire bats (Gauntlet)
  28 vampire mosquitoes
  32 golden eyes
  8 humans
  64 redbacks
  8 steam dragons
  An unseen horror simulacrum (D:10)
  37 neqoxecs
  A death yak simulacrum (Lair:3)
  12 chaos spawn
  A warg (Orc:2)
  2 spatial vortices (Abyss:2)
  A harpy simulacrum (Crypt:3)
  A spectral cane toad (Lair:3)
  An entropy weaver zombie (Crypt:3)
  A human zombie (Zig:3)
  A hydra simulacrum (Lair:3)
  A glowing shapeshifter zombie (Vaults:3)
  10 swamp worms
  3 acid dragons
  10 hell hounds
  12 water moccasins
  A floating eye (shapeshifter) (Vaults:5)
  25 orc warriors
  A swamp drake (shapeshifter) (Vaults:4)
  4 ice beasts
  A black bear (D:5)
  A floating eye (Slime:5)
  8 swamp drakes
  4 sky beasts
  An ettin simulacrum (Vaults:3)
  7 ogres
  An alligator simulacrum (Hell)
  A centaur (shapeshifter) (Vaults:5)
  54 wolves
  A blink frog skeleton (Crypt:1)
  2 phantoms
  8 centaurs
  3 lemures (D:6)
  A salamander zombie (Crypt:2)
  5 necrophages
  3 kobold brigands
  2 gnoll sergeants
  12 bullfrogs
  9 earth elementals
  8 scorpions
  A yaktaur skeleton (Crypt:1)
  3 wights (D:7)
  A polar bear zombie (Crypt:3)
  15 killer bees
  A raiju skeleton (Crypt:3)
  5 howler monkeys
  An electric eel (Lair:5)
  A torpor snail simulacrum (Lair:3)
  5 crimson imps (Pan)
  4 lava snakes
  4 quasits
  24 orc priests
  Crazy Yiuf (D:6)
  A basilisk zombie (Crypt:1)
  A gnoll bouda (D:7)
  3 hounds
  An iron imp (Abyss:3)
  32 starcursed masses
  Jessica (D:3)
  Natasha (D:3)
  Ijyb (D:5)
  4 iguanas
  18 orc wizards
  5 hell rats (Hell)
  An acid dragon skeleton (Crypt:2)
  A deep dwarf skeleton (Crypt:3)
  6 mummies
  13 gnolls
  10 adders
  A steam dragon zombie (Crypt:3)
  A shadow imp (Abyss:2)
  10 white imps
  3 ufetubi
  3 worms
  A worm (shapeshifter) (D:13)
  3 dart slugs
  76 orcs
  8 ball pythons
  10 endoplasms
  11 giant cockroaches
  16 goblins
  2 hobgoblins (D:1)
  A jackal (D:2)
  3 quokkas
  4 bats
  3 frilled lizards
  18 kobolds
  2 kobold skeletons
  4 rats
  A river rat skeleton (Crypt:2)
  2 butterflies (Lair:1)
  20 fire vortices
  2 lurking horrors
  A snaplasher vine (Swamp:1)
  2 starspawn tentacles (Abyss:2)
  A tentacle (Hell)
3575 creatures vanquished.

Vanquished Creatures (collateral kills)
  Sojobo (Vaults:4)
  A bone dragon (Depths:4)
  Jorgrun (Swamp:2)
  An acid blob (Slime:5)
  A sphinx (Vaults:5)
  A storm dragon (Vaults:5)
  A fire giant (Zig:8)
  2 rockslimes (Slime:5)
  A vault warden (Vaults:5)
  A deep elf sorcerer (Elf:3)
  2 reapers (Hell)
  An eleionoma (Swamp:2)
  A deep elf annihilator (Elf:3)
  2 ettins
  A jorogumo (Spider:3)
  A deep troll earth mage (Depths:3)
  2 deep elf knights (Elf:2)
  An orc high priest (Elf:1)
  2 spriggans (Depths:3)
  A deep troll (Depths:3)
  2 orb spiders (Zig:9)
  A glowing orange brain (Depths:3)
  A deep elf pyromancer (Elf:2)
  2 deep elf archers (Elf:1)
  A wolf spider (Spider:3)
  A will-o-the-wisp (Swamp:2)
  A cyclops (Zig:8)
  A vault sentinel (Vaults:5)
  A demonic crawler (Spider:3)
  A guardian mummy (Zig:5)
  A tarantella (Spider:3)
  A hornet (Depths:3)
  A jumping spider (Spider:3)
  A slime creature (Slime:5)
  A culicivora (Spider:3)
  A flying skull (Zig:5)
  2 ynoxinuls (Pan)
  2 lava snakes (D:13)
  An orc wizard (Elf:1)
  A mummy (Zig:5)
  A fire vortex (Hell)
50 creatures vanquished.

Vanquished Creatures (others)
  A tengu reaver (Vaults:4)
  A draconian knight (Zot:3)
  A fire giant (Vaults:5)
  An ironbound preserver (Vaults:3)
  A demonspawn blood saint (Pan)
  A draconian stormcaller (Zot:1)
  A very ugly thing (Depths:1)
  A white draconian (Depths:4)
  A lorocyproca (Zig:13)
  A peacekeeper (Vaults:3)
  A rakshasa (Pan)
  A hydra (Swamp:4)
  A deep elf knight (Elf:1)
  3 deep elf pyromancers
  A deep elf zephyrmancer (Elf:2)
  2 moths of wrath
  2 bloated husks
  A hornet (Swamp:3)
  A large abomination (Pan)
  2 culicivoras
  A water elemental (Elf:3)
  A neqoxec (Pan)
  3 golden eyes (Abyss:3)
  An ufetubus (Abyss:3)
  An orc (Orc:1)
  2 bushes (D:8)
  A creeping inferno (Hell)
  4 demonic plants (Pan)
  2 fire vortices (Pan)
  50 foxfires
  98 fungi
  107 plants
  2 snaplasher vines (Swamp:2)
  6 starspawn tentacles
  3 tentacles (Hell)
  4 withered plants (D:7)
311 creatures vanquished.

Grand Total: 3936 creatures vanquished

Notes
Turn   | Place    | Note
-------+----------+-------------------------------------------
     0 | D:1      | Ijustatesigmund the Gnoll Conjurer began the quest for the
                  | Orb.
     0 | D:1      | Reached XP level 1. HP: 13/13 MP: 6/6
    17 | D:1      | Found Ridud's Magic Scroll Emporium.
   150 | D:1      | Reached XP level 2. HP: 16/19 MP: 4/7
   157 | D:1      | Learned a level 2 spell: Searing Ray
   812 | D:1      | Bought a scroll of identify for 22 gold pieces
   927 | D:1      | Found a faded altar of an unknown god.
  1213 | D:2      | Found a basalt altar of Yredelemnul.
  1257 | D:2      | Reached skill level 5 in Spellcasting
  1257 | D:2      | Reached XP level 3. HP: 18/25 MP: 7/9
  1323 | D:2      | Reached skill level 1 in Invocations
  1559 | D:2      | Reached skill level 1 in Fighting
  1559 | D:2      | Reached skill level 1 in Short Blades
  1559 | D:2      | Reached skill level 1 in Long Blades
  1559 | D:2      | Reached skill level 1 in Axes
  1559 | D:2      | Reached skill level 1 in Maces & Flails
  1559 | D:2      | Reached skill level 1 in Polearms
  1559 | D:2      | Reached skill level 1 in Staves
  1559 | D:2      | Reached skill level 1 in Ranged Weapons
  1559 | D:2      | Reached skill level 1 in Throwing
  1559 | D:2      | Reached skill level 1 in Armour
  1559 | D:2      | Reached skill level 1 in Shields
  1559 | D:2      | Reached skill level 1 in Unarmed Combat
  1559 | D:2      | Reached skill level 1 in Evocations
  1686 | D:2      | Reached XP level 4. HP: 32/32 MP: 11/11
  1697 | D:2      | Learned a level 4 spell: Iskenderun's Mystic Blast
  1959 | D:2      | Reached skill level 1 in Hexes
  1959 | D:2      | Reached skill level 1 in Summonings
  1959 | D:2      | Reached skill level 1 in Necromancy
  1959 | D:2      | Reached skill level 1 in Translocations
  1959 | D:2      | Reached skill level 1 in Transmutations
  1959 | D:2      | Reached skill level 1 in Fire Magic
  1959 | D:2      | Reached skill level 1 in Ice Magic
  1959 | D:2      | Reached skill level 1 in Air Magic
  1959 | D:2      | Reached skill level 1 in Earth Magic
  1959 | D:2      | Reached skill level 1 in Poison Magic
  2182 | D:3      | Noticed Grinder
  2182 | D:3      | Noticed Sigmund
  2328 | D:3      | Killed Grinder
  2329 | D:3      | Reached skill level 5 in Dodging
  2329 | D:3      | Reached XP level 5. HP: 9/38 MP: 4/12
  2329 | D:3      | Reached XP level 6. HP: 10/44 MP: 4/14
  2455 | D:3      | Noticed Jessica
  2459 | D:3      | Killed Jessica
  2591 | D:3      | Noticed Natasha
  2597 | D:3      | Killed Natasha
  2604 | D:3      | Noticed Natasha
  3106 | D:3      | Killed Sigmund
  3107 | D:3      | Reached XP level 7. HP: 40/51 MP: 7/15
  3488 | D:4      | Reached skill level 5 in Stealth
  3589 | D:4      | Identified the +0 robe of Hureur {Harm Drain Will+}
  3789 | D:4      | Found an ornate altar of the Wu Jian Council.
  3790 | D:4      | Found a hide-covered altar of Uskayaw.
  3792 | D:4      | Found a shimmering altar of Xom.
  3976 | D:4      | Found Wollen's Jewellery Shop.
  4174 | D:4      | Found a shadowy altar of Dithmenos.
  4176 | D:4      | Found a shimmering blue altar of Sif Muna.
  4213 | D:5      | Entered Level 5 of the Dungeon
  4462 | D:5      | Reached XP level 8. HP: 58/58 MP: 7/16
  4807 | D:5      | Found a staircase to the Ecumenical Temple.
  4824 | Temple   | Entered the Ecumenical Temple
  4992 | Temple   | Became a worshipper of Cheibriados the Contemplative
  5036 | D:4      | Learned a level 1 spell: Apportation
  5088 | D:5      | Found a bloodstained altar of Trog.
  5231 | D:1      | Bought a scroll of fear for 44 gold pieces
  5231 | D:1      | Bought a scroll of teleportation for 33 gold pieces
  5231 | D:1      | Bought a scroll of teleportation for 33 gold pieces
  5231 | D:1      | Bought a scroll of teleportation for 33 gold pieces
  5576 | D:5      | Noticed Ijyb
  5580 | D:5      | Killed Ijyb
  5866 | D:6      | Reached XP level 9. HP: 65/65 MP: 13/18
  6403 | D:6      | Found a hazy altar of Hepliaklqana.
  6454 | D:6      | Found a radiant altar of Vehumet.
  6624 | D:6      | Reached skill level 5 in Invocations
  6630 | D:6      | Reached * piety under Cheibriados
  6786 | D:6      | Found a runed translucent door.
  6787 | D:6      | Noticed Crazy Yiuf
  6793 | D:6      | Killed Crazy Yiuf
  6955 | D:6      | Noticed Pikel
  7196 | D:6      | Killed Pikel
  7197 | D:6      | Reached skill level 5 in Fighting
  7197 | D:6      | Reached skill level 5 in Short Blades
  7197 | D:6      | Reached skill level 5 in Long Blades
  7197 | D:6      | Reached skill level 5 in Axes
  7197 | D:6      | Reached skill level 5 in Maces & Flails
  7197 | D:6      | Reached skill level 5 in Polearms
  7197 | D:6      | Reached skill level 5 in Staves
  7197 | D:6      | Reached skill level 5 in Ranged Weapons
  7197 | D:6      | Reached skill level 5 in Throwing
  7197 | D:6      | Reached skill level 5 in Armour
  7197 | D:6      | Reached skill level 5 in Shields
  7197 | D:6      | Reached skill level 5 in Unarmed Combat
  7197 | D:6      | Reached skill level 5 in Evocations
  7197 | D:6      | Reached XP level 10. HP: 67/74 MP: 10/20
  7929 | D:7      | Found a broken altar of Ashenzari.
  8016 | D:7      | Found a runed translucent gate.
  8016 | D:7      | Found a runed translucent gate.
  8020 | D:7      | Found a runed translucent gate.
  8021 | D:7      | Noticed Numeracy's ghost (novice TrGl)
  8021 | D:7      | Noticed xsansara's ghost (novice TrFi)
  8021 | D:7      | Noticed Azuvok's ghost (novice MiFi)
  8194 | D:7      | Identified the +1 dagger of Quantum Leap {venom, rElec rF-
                  | Int+9 SInv}
  8239 | D:7      | Reached ** piety under Cheibriados
  8507 | D:8      | Learned a level 2 spell: Passwall
  8527 | D:8      | Found a flagged portal.
  8542 | Bailey   | Entered a bailey
  8764 | Bailey   | Noticed Prince Ribbit
  8764 | Bailey   | Noticed a vault guard
  8780 | Bailey   | Killed Prince Ribbit
  8780 | Bailey   | Killed a vault guard
  9080 | Bailey   | Noticed a vault guard
  9093 | Bailey   | Killed a vault guard
  9231 | Bailey   | Reached skill level 5 in Hexes
  9231 | Bailey   | Reached skill level 5 in Summonings
  9231 | Bailey   | Reached skill level 5 in Necromancy
  9231 | Bailey   | Reached skill level 5 in Translocations
  9231 | Bailey   | Reached skill level 5 in Transmutations
  9231 | Bailey   | Reached skill level 5 in Fire Magic
  9231 | Bailey   | Reached skill level 5 in Ice Magic
  9231 | Bailey   | Reached skill level 5 in Air Magic
  9231 | Bailey   | Reached skill level 5 in Earth Magic
  9231 | Bailey   | Reached skill level 5 in Poison Magic
  9393 | Bailey   | Reached XP level 11. HP: 73/81 MP: 2/22
 10134 | D:8      | Found a staircase to the Lair.
 10246 | D:8      | Reached *** piety under Cheibriados
 10303 | D:8      | Noticed a two-headed ogre
 10304 | D:8      | Noticed a two-headed ogre
 10313 | D:8      | Killed a two-headed ogre
 10319 | D:8      | Killed a two-headed ogre
 10321 | D:8      | Noticed Maggie
 10322 | D:8      | Paralysed by Maggie for 5 turns
 10334 | D:8      | Killed Maggie
 11220 | D:9      | Noticed a two-headed ogre
 11241 | D:9      | Killed a two-headed ogre
 11649 | D:9      | Reached **** piety under Cheibriados
 11904 | D:10     | Entered Level 10 of the Dungeon
 11934 | D:10     | Found Lutz's Jewellery Emporium.
 12044 | D:10     | Reached XP level 12. HP: 91/91 MP: 24/24
 12049 | D:10     | Identified the +5 halberd of Igeadall {heavy, rF- MP+9
                  | Int+4 Dex+3}
 12534 | D:10     | Noticed a boulder beetle
 12544 | D:10     | Killed a boulder beetle
 12951 | D:10     | Noticed a two-headed ogre
 12963 | D:10     | Killed a two-headed ogre
 13127 | D:11     | Noticed Josephine
 13140 | D:10     | Killed Josephine
 13511 | D:11     | Noticed a boulder beetle
 13533 | D:11     | Killed a boulder beetle
 14213 | D:11     | Found a staircase to the Orcish Mines.
 14479 | D:12     | Noticed a two-headed ogre
 14500 | D:12     | Killed a two-headed ogre
 16428 | D:4      | Bought the ring "Dyuxor" {rPois rN+ rCorr Str+2} for 492
                  | gold pieces
 16605 | D:7      | Killed Numeracy's ghost
 16613 | D:7      | Killed Azuvok's ghost
 16614 | D:7      | Reached XP level 13. HP: 70/98 MP: 8/26
 16617 | D:7      | Killed xsansara's ghost
 16827 | D:12     | Reached skill level 10 in Conjurations
 16853 | D:12     | Reached ***** piety under Cheibriados
 17514 | D:13     | Noticed Rupert
 17640 | Lair:1   | Entered Level 1 of the Lair of Beasts
 17774 | Lair:1   | Noticed Harold
 17811 | Lair:1   | Killed Harold
 17812 | Lair:1   | Reached skill level 10 in Spellcasting
 18492 | Lair:1   | Reached skill level 10 in Dodging
 18517 | Lair:1   | Found a runed translucent door.
 18517 | Lair:1   | Noticed Majang's ghost (journeyman GrGl)
 18562 | Lair:1   | Killed Majang's ghost
 18564 | Lair:1   | Identified the staff of earth "Bizeut" {rElec Will+ Str+2}
 19280 | Lair:2   | Learned a level 3 spell: Hailstorm
 19330 | Lair:2   | Found a staircase to the Swamp.
 19348 | Lair:2   | Reached skill level 10 in Stealth
 19406 | Lair:2   | You fall into a shaft and drop 2 floors!
 19411 | Lair:4   | Reached ****** piety under Cheibriados
 19672 | Lair:3   | Noticed Gastronok
 19674 | Lair:3   | Reached XP level 14. HP: 108/108 MP: 28/28
 19679 | Lair:3   | Reached skill level 10 in Invocations
 19862 | Lair:3   | Found a hole to the Spider Nest.
 20155 | Lair:3   | Killed Gastronok
 20775 | Lair:2   | Noticed Erica
 20787 | Lair:2   | Killed Erica
 21286 | Lair:3   | Found a runed translucent gate.
 21286 | Lair:3   | Found a runed translucent gate.
 21286 | Lair:3   | Found a runed translucent gate.
 21292 | Lair:3   | Noticed Lege Oro's ghost (journeyman VSBr)
 21322 | Lair:3   | Killed Lege Oro's ghost
 21447 | Lair:3   | Identified the +2 battleaxe "Olumimes" {drain, Will++}
 22110 | Lair:4   | Found a transporter.
 22405 | Lair:4   | Found a staircase to the Slime Pits.
 22513 | Lair:4   | Found a transporter.
 22517 | Lair:4   | Noticed Xiggev's ghost (journeyman OpMo)
 22526 | Lair:4   | Killed Xiggev's ghost
 22718 | Lair:5   | Entered Level 5 of the Lair of Beasts
 22797 | Lair:5   | Noticed Urug
 22817 | Lair:5   | Killed Urug
 23422 | Lair:5   | Reached skill level 10 in Fighting
 23422 | Lair:5   | Reached skill level 10 in Short Blades
 23422 | Lair:5   | Reached skill level 10 in Long Blades
 23422 | Lair:5   | Reached skill level 10 in Axes
 23422 | Lair:5   | Reached skill level 10 in Maces & Flails
 23422 | Lair:5   | Reached skill level 10 in Polearms
 23422 | Lair:5   | Reached skill level 10 in Staves
 23422 | Lair:5   | Reached skill level 10 in Ranged Weapons
 23422 | Lair:5   | Reached skill level 10 in Throwing
 23422 | Lair:5   | Reached skill level 10 in Armour
 23422 | Lair:5   | Reached skill level 10 in Shields
 23422 | Lair:5   | Reached skill level 10 in Unarmed Combat
 23422 | Lair:5   | Reached skill level 10 in Evocations
 23745 | Lair:5   | Reached XP level 15. HP: 75/115 MP: 5/30
 25248 | Orc:1    | Entered Level 1 of the Orcish Mines
 25334 | Orc:2    | Entered Level 2 of the Orcish Mines
 25370 | Orc:1    | Paralysed by an orc sorcerer for 2 turns
 25375 | Orc:1    | Noticed Fannar
 25747 | Orc:1    | Paralysed by an orc sorcerer for 2 turns
 25754 | Orc:1    | Paralysed by an orc sorcerer for 4 turns
 25870 | Orc:1    | Killed Fannar
 26592 | Orc:2    | Noticed an orc warlord
 27035 | Orc:2    | Killed an orc warlord
 27318 | Orc:2    | Found a staircase to the Elven Halls.
 27568 | Orc:2    | Found Bucrugge's Antique Armour Boutique.
 27569 | Orc:2    | Found Womipoc's Antique Weapon Boutique.
 27571 | Orc:2    | Found Cuamaev's General Store.
 27571 | Orc:2    | Found Boqiej's Book Shop.
 27587 | Orc:2    | Bought a scroll of teleportation for 48 gold pieces
 27587 | Orc:2    | Bought a scroll of blinking for 120 gold pieces
 27772 | D:13     | Noticed Kirke
 27777 | D:13     | Noticed a sphinx
 27920 | D:13     | Noticed a sphinx
 27922 | D:13     | Killed Kirke
 28080 | D:13     | Found a gate to the Vaults.
 28200 | D:13     | You fall into a shaft and drop 1 floor!
 28234 | D:14     | Found a gate leading to a gauntlet.
 28241 | Gauntlet | Entered a Gauntlet
 28241 | Gauntlet | Found a transporter.
 28241 | Gauntlet | Found a transporter.
 28241 | Gauntlet | Found a transporter.
 28241 | Gauntlet | Found a transporter.
 28245 | Gauntlet | Found a transporter.
 28245 | Gauntlet | Found a transporter.
 28264 | Gauntlet | Found a transporter.
 28266 | Gauntlet | Found a transporter.
 28268 | Gauntlet | Found a large runed translucent door.
 28269 | Gauntlet | Found a large runed translucent door.
 28270 | Gauntlet | Found a large runed translucent door.
 28270 | Gauntlet | Found a large runed translucent door.
 28270 | Gauntlet | Found a runed translucent door.
 28271 | Gauntlet | Found a large runed translucent door.
 28273 | Gauntlet | Found a large runed translucent door.
 28274 | Gauntlet | Found a large runed translucent door.
 28274 | Gauntlet | Found a large runed translucent door.
 28276 | Gauntlet | Found a runed translucent gate.
 28289 | Gauntlet | Found a transporter.
 28310 | Gauntlet | Found a transporter.
 28310 | Gauntlet | Found a runed translucent gate.
 28311 | Gauntlet | Found a runed translucent gate.
 28312 | Gauntlet | Found a large runed translucent door.
 28312 | Gauntlet | Found a large runed translucent door.
 28313 | Gauntlet | Found a large runed translucent door.
 28314 | Gauntlet | Found a large runed translucent door.
 28323 | Gauntlet | Found a large runed translucent door.
 28323 | Gauntlet | Found a large runed translucent door.
 28323 | Gauntlet | Found a runed translucent door.
 28324 | Gauntlet | Found a large runed translucent door.
 28325 | Gauntlet | Found a large runed translucent door.
 28327 | Gauntlet | Found a transporter.
 28331 | Gauntlet | Found a transporter.
 28506 | Gauntlet | Identified the +2 cloak "Miwiloesi" {rElec}
 28557 | Gauntlet | Identified the amulet of Qirgh {Faith rF+ Int-2 Dex+3}
 28986 | D:13     | Noticed Erolcha
 28995 | D:13     | Killed Erolcha
 29726 | D:13     | Noticed Frances
 29747 | D:13     | Killed Frances
 29809 | D:13     | Reached XP level 16. HP: 124/124 MP: 30/32
 29815 | D:13     | Learned a level 5 spell: Summon Forest
 30022 | D:13     | Paralysed by Rupert for 5 turns
 30033 | D:13     | Killed Rupert
 30278 | D:13     | Identified the staff of cold "Gato" {rC+ rN+ Str+5 Dex+3}
 32485 | D:15     | Entered Level 15 of the Dungeon
 33262 | D:15     | Found a staircase to the Depths.
 33561 | D:15     | Learned a level 4 spell: Flame Wave
 33790 | Spider:1 | Entered Level 1 of the Spider Nest
 34207 | Spider:1 | Noticed Louise
 34253 | Spider:1 | Killed Louise
 35807 | Spider:2 | Reached XP level 17. HP: 125/133 MP: 13/33
 36211 | Spider:2 | Reached skill level 10 in Hexes
 36211 | Spider:2 | Reached skill level 10 in Summonings
 36211 | Spider:2 | Reached skill level 10 in Necromancy
 36211 | Spider:2 | Reached skill level 10 in Translocations
 36211 | Spider:2 | Reached skill level 10 in Transmutations
 36211 | Spider:2 | Reached skill level 10 in Fire Magic
 36211 | Spider:2 | Reached skill level 10 in Ice Magic
 36211 | Spider:2 | Reached skill level 10 in Air Magic
 36211 | Spider:2 | Reached skill level 10 in Earth Magic
 36211 | Spider:2 | Reached skill level 10 in Poison Magic
 36936 | Spider:2 | Learned a level 6 spell: Statue Form
 37261 | Spider:2 | Gained mutation: You are weak. (Str -2) [mutagenic glow]
 37741 | Spider:3 | Gained mutation: You are very weak. (Str -4) [mutagenic
                  | glow]
 40824 | Spider:4 | Entered Level 4 of the Spider Nest
 41329 | Spider:4 | Identified the +0 plate armour "Gudokhlee" {rElec Int+3
                  | Dex+4}
 41690 | Orc:2    | Bought the +2 shield of Resistance {rF++ rC++ Will++} for
                  | 1974 gold pieces
 41690 | Orc:2    | Found the +2 shield of Resistance {rF++ rC++ Will++}
 41929 | Swamp:1  | Entered Level 1 of the Swamp
 42314 | Swamp:1  | Learned a level 6 spell: Iron Shot
 42373 | Swamp:1  | Noticed Aizul
 42380 | Swamp:1  | Killed Aizul
 42754 | Swamp:1  | Found a runed translucent gate.
 42755 | Swamp:1  | Found a runed translucent gate.
 42756 | Swamp:1  | Found a runed translucent gate.
 42758 | Swamp:1  | Noticed Noixka's ghost (journeyman DrTm)
 42758 | Swamp:1  | Noticed Masme's ghost (adept MiBe)
 42786 | Swamp:1  | Killed Noixka's ghost
 42787 | Swamp:1  | Reached XP level 18. HP: 140/141 MP: 14/35
 42827 | Swamp:1  | Killed Masme's ghost
 43271 | Swamp:2  | Noticed Jorgrun
 43283 | Swamp:2  | Killed Jorgrun
 43615 | Swamp:2  | Noticed Donald
 43637 | Swamp:2  | Killed Donald
 45316 | Swamp:4  | Entered Level 4 of the Swamp
 46932 | Swamp:4  | Got a decaying rune of Zot
 47584 | Spider:4 | Identified the +1 cloak of the Hidden Vale {Rampage Fly
                  | Str+3}
 49354 | Spider:4 | Reached XP level 19. HP: 149/149 MP: 9/37
 49890 | Spider:4 | Identified the +2 hat of Dohigyng {SInv}
 49993 | Spider:4 | Got a gossamer rune of Zot
 50710 | Vaults:1 | Entered Level 1 of the Vaults
 53841 | Vaults:2 | Reached skill level 15 in Polearms
 53841 | Vaults:2 | Reached skill level 15 in Invocations
 54191 | Vaults:2 | Reached XP level 20. HP: 129/158 MP: 29/38
 55883 | Vaults:3 | Found Fokiove's Weapon Boutique.
 55908 | Vaults:3 | Identified the +0 pair of boots "Emep" {-Cast Harm rF++
                  | Slay+3}
 56045 | Vaults:3 | Reached skill level 15 in Spellcasting
 56053 | Vaults:3 | Identified the ring of the Scavenger {rElec rPois Str-4
                  | Dex+7}
 56242 | Vaults:3 | Reached skill level 15 in Dodging
 56604 | Vaults:3 | Reached skill level 15 in Stealth
 56927 | Vaults:3 | Identified the amulet of the Jackalope {Reflect rF+ SH+5}
 57126 | Vaults:3 | Found a staircase to the Crypt.
 57634 | Vaults:3 | Reached XP level 21. HP: 166/166 MP: 40/40
 59104 | Vaults:4 | Noticed Sojobo
 59135 | Vaults:4 | Paralysed by an air elemental for 1 turns
 60036 | Depths:1 | Entered Level 1 of the Depths
 60388 | Depths:1 | Found a gateway to Hell.
 60409 | Depths:1 | Found a one-way gateway to a ziggurat.
 60659 | Depths:1 | Got the Encyclopedia of the Salvo
 60744 | Depths:1 | Reached skill level 15 in Fighting
 60744 | Depths:1 | Reached skill level 15 in Short Blades
 60744 | Depths:1 | Reached skill level 15 in Long Blades
 60744 | Depths:1 | Reached skill level 15 in Axes
 60744 | Depths:1 | Reached skill level 15 in Maces & Flails
 60744 | Depths:1 | Reached skill level 15 in Staves
 60744 | Depths:1 | Reached skill level 15 in Ranged Weapons
 60744 | Depths:1 | Reached skill level 15 in Throwing
 60744 | Depths:1 | Reached skill level 15 in Armour
 60744 | Depths:1 | Reached skill level 15 in Shields
 60744 | Depths:1 | Reached skill level 15 in Unarmed Combat
 60744 | Depths:1 | Reached skill level 15 in Evocations
 61099 | Depths:1 | Gained mutation: Your magical capacity is low. (-10% MP) [a
                  | shining eye]
 61112 | Depths:1 | Gained mutation: Armour fits poorly on your strangely
                  | shaped body. [a shining eye]
 62702 | Depths:2 | Lost mutation: Armour fits poorly on your strangely shaped
                  | body. [potion of mutation]
 62702 | Depths:2 | Lost mutation: You are very weak. (Str -4) [potion of
                  | mutation]
 62702 | Depths:2 | Lost mutation: Your magical capacity is low. (-10% MP)
                  | [potion of mutation]
 62702 | Depths:2 | Gained mutation: Your body sometimes deteriorates upon
                  | taking damage. [potion of mutation]
 62702 | Depths:2 | Lost mutation: Your body sometimes deteriorates upon taking
                  | damage. [potion of mutation]
 62703 | Depths:2 | Lost mutation: You are weak. (Str -2) [potion of mutation]
 62703 | Depths:2 | Gained mutation: Your flesh is cold resistant. (rC+)
                  | [potion of mutation]
 62703 | Depths:2 | Gained mutation: You are agile. (Dex +4, Str/Int -1)
                  | [potion of mutation]
 62767 | Depths:2 | Noticed a golden dragon
 62771 | Depths:2 | Reached XP level 22. HP: 124/175 MP: 5/42
 63253 | Depths:2 | Found a one-way gate leading to the halls of Pandemonium.
 63638 | Depths:2 | Found a shadowy altar of Dithmenos.
 64015 | Depths:2 | Noticed Grunn
 64042 | Depths:3 | Found a one-way gate to the infinite horrors of the Abyss.
 65021 | Depths:2 | Killed Grunn
 65222 | Depths:2 | Killed a golden dragon
 66051 | Elf:1    | Entered Level 1 of the Elven Halls
 66051 | Elf:1    | Found a runed translucent gate.
 66051 | Elf:1    | Found a runed translucent gate.
 66051 | Elf:1    | Found a runed translucent gate.
 66051 | Elf:1    | Found a runed translucent gate.
 66051 | Elf:1    | Found a runed translucent gate.
 66051 | Elf:1    | Found a runed translucent gate.
 66052 | Elf:1    | Found a runed translucent door.
 66073 | Elf:1    | Found a runed translucent door.
 66575 | Elf:1    | Learned a level 7 spell: Orb of Destruction
 66604 | Elf:1    | Learned a level 7 spell: Spellforged Servitor
 66714 | Elf:1    | Reached skill level 15 in Conjurations
 67036 | Elf:1    | Found a runed translucent gate.
 67036 | Elf:1    | Found a runed translucent gate.
 67036 | Elf:1    | Found a runed translucent gate.
 67036 | Elf:1    | Found a runed translucent gate.
 67036 | Elf:1    | Found a runed translucent gate.
 67037 | Elf:1    | Found a runed translucent gate.
 67042 | Elf:1    | Got the Spellbook of Reshaped Haze
 67415 | Elf:1    | Noticed Asterion
 67428 | Elf:1    | Killed Asterion
 67802 | Elf:2    | Paralysed by an air elemental for 1 turns
 67838 | Elf:2    | Identified the ring "Femougio" {Ice Dex+3}
 68150 | Elf:2    | Reached XP level 23. HP: 177/183 MP: 43/43
 68579 | Orc:2    | Bought warped pearl dragon scales for 2898 gold pieces
 68579 | Orc:2    | Identified the +0 pearl dragon scales of the Vacuum {rElec
                  | rF- rN+ Str+8 Dex-2} (You bought it in a shop on level 2 of
                  | the Orcish Mines)
 68765 | Elf:2    | Found a runed translucent gate.
 68767 | Elf:2    | Found a runed translucent gate.
 68772 | Elf:2    | Found a runed translucent gate.
 69346 | Elf:3    | Entered Level 3 of the Elven Halls
 69545 | Elf:3    | Paralysed by an air elemental for 1 turns
 69607 | Elf:3    | Identified the staff of earth "Hotic" {rF+}
 69637 | Elf:3    | Got the Compendium of Aerial Summoning
 69750 | Elf:3    | Identified the ring "Teuceuh" {rF++ rN+}
 69921 | Elf:3    | Identified the +0 steam dragon scales of Inviolability
                  | {rPois Will- Str+2 Dex+4}
 70048 | Elf:3    | Identified the +4 morningstar of Muuwac {venom, Str+3
                  | Stlth+}
 70049 | Elf:3    | Identified the amulet of Kush {Acrobat rElec rPois rC-
                  | Str+4}
 70052 | Elf:3    | Identified the ring "Segiemoss" {rElec rN+ rCorr Dex-5
                  | Stlth+}
 70058 | Elf:3    | Identified the +2 pearl dragon scales of Cajurgh {Harm Fly
                  | rC+ rN+ Dex+2}
 70065 | Elf:3    | Got the Elucidation of the Roasted Gift
 70111 | Elf:3    | Learned a level 4 spell: Dispel Undead
 71022 | Crypt:1  | Entered Level 1 of the Crypt
 72706 | Crypt:2  | Reached XP level 24. HP: 193/193 MP: 25/44
 72973 | Crypt:2  | Found a huge runed translucent gate.
 72973 | Crypt:2  | Found a huge runed translucent gate.
 72973 | Crypt:2  | Found a huge runed translucent gate.
 72977 | Crypt:2  | Found a huge runed translucent gate.
 72990 | Crypt:2  | Found a huge runed translucent gate.
 72990 | Crypt:2  | Found a huge runed translucent gate.
 73003 | Crypt:2  | Found a huge runed translucent gate.
 73003 | Crypt:2  | Found a huge runed translucent gate.
 73003 | Crypt:2  | Found a huge runed translucent gate.
 73770 | Crypt:3  | Entered Level 3 of the Crypt
 74140 | Crypt:3  | Found a staircase to the Tomb.
 75511 | Crypt:3  | Identified the ring of Etas {rElec rC+ rN+ Slay+4}
 75511 | Crypt:3  | Identified the ring "Defiestriy" {rC+ rN+ SInv}
 75511 | Crypt:3  | Identified the ring "Kocyalepri" {rPois rN+ Int-2 Slay+2}
 75769 | Crypt:3  | Identified the +2 plate armour "Vyzxe" {rElec rPois rC+
                  | SInv}
 75802 | Crypt:3  | Identified the +0 plate armour of Silly Fun {rCorr Int-3
                  | Dex+6}
 75808 | Crypt:3  | Got the Elucidation of Pyromancy and Spectres
 75815 | Crypt:3  | Learned a level 5 spell: Irradiate
 76225 | Depths:3 | Noticed a juggernaut
 76415 | Depths:2 | Killed a juggernaut
 77002 | Depths:3 | Reached XP level 25. HP: 199/201 MP: 44/44
 77179 | Depths:3 | Found the +7 Spriggan's Knife {stab, EV+4 Stlth+}
 77852 | Depths:3 | Found a white marble altar of Elyvilon.
 77954 | Depths:3 | Identified the +1 ring mail of Hangman {Harm rElec Int-5}
 78149 | Depths:4 | Entered Level 4 of the Depths
 78257 | Depths:4 | Paralysed by a floating eye for 3 turns
 78297 | Depths:4 | Found a hide-covered altar of Uskayaw.
 78680 | Depths:4 | Found a gate to the Realm of Zot.
 79658 | Hell     | Entered the Vestibule of Hell
 79658 | Hell     | Noticed Geryon
 79892 | Hell     | Reached skill level 15 in Hexes
 79892 | Hell     | Reached skill level 15 in Summonings
 79892 | Hell     | Reached skill level 15 in Necromancy
 79892 | Hell     | Reached skill level 15 in Translocations
 79892 | Hell     | Reached skill level 15 in Transmutations
 79892 | Hell     | Reached skill level 15 in Fire Magic
 79892 | Hell     | Reached skill level 15 in Ice Magic
 79892 | Hell     | Reached skill level 15 in Air Magic
 79892 | Hell     | Reached skill level 15 in Earth Magic
 79892 | Hell     | Reached skill level 15 in Poison Magic
 80055 | Hell     | Noticed Murray
 80253 | Depths:4 | Killed Murray
 81690 | Hell     | Found a gateway to the freezing wastes of Cocytus.
 81771 | Hell     | Found a gateway to the Iron City of Dis.
 81852 | Hell     | Killed Geryon
 81854 | Hell     | Found a gateway to the ashen valley of Gehenna.
 82002 | Hell     | Found a gateway to the decaying netherworld of Tartarus.
 82437 | Vaults:5 | Entered Level 5 of the Vaults
 82502 | Vaults:5 | Reached XP level 26. HP: 211/211 MP: 33/45
 82505 | Vaults:5 | Paralysed by a floating eye for 3 turns
 82765 | Vaults:4 | Killed Sojobo
 83201 | Vaults:5 | Identified the +4 flail of Okawaru's Supremacy {spect, Fly}
 83450 | Vaults:5 | Noticed a dread lich
 83460 | Vaults:5 | Killed a dread lich
 83752 | Vaults:5 | Identified the +1 battleaxe of the Trees {speed, rPois
                  | Str+2 Int+3}
 83999 | Vaults:5 | Identified the ring "Kemumyeck" {*Corrode rElec rC+++ Will+
                  | Dex-2}
 84250 | Vaults:5 | Identified the staff of death "Reahykk" {rN+ Dex+4}
 84279 | Vaults:5 | Upgraded the game from 0.31-a0-1-g4198be8af4 to
                  | 0.31-a0-4-gefa6de2278
 84293 | Vaults:5 | Identified the +2 whip of the Wasteland {freeze, Contam
                  | Str+4 Int+3}
 84296 | Vaults:5 | Got the Omnibus of Searing Shades
 84297 | Vaults:5 | Identified the +2 sling of Teakym {flame, rF+ Str+3 SInv}
 84564 | Vaults:5 | Got a silver rune of Zot
 85064 | Tar:1    | Entered Level 1 of Tartarus
 86160 | Zig:1    | Entered Level 1 of a ziggurat
 86180 | Zig:1    | Gained mutation: Your magical capacity is low. (-10% MP) [a
                  | neqoxec]
 86340 | Zig:2    | Entered Level 2 of a ziggurat
 86384 | Zig:2    | Identified the staff of fire "Ytziu" {Fly rF+ rC+ Will-}
 86575 | Zig:3    | Entered Level 3 of a ziggurat
 86603 | Zig:4    | Entered Level 4 of a ziggurat
 86697 | Zig:4    | Identified the +8 dagger of the Hierophant {venom, Int+3}
 86701 | Zig:5    | Entered Level 5 of a ziggurat
 86705 | Zig:5    | Noticed a royal mummy
 86710 | Zig:5    | Noticed a royal mummy
 86724 | Zig:5    | Killed a royal mummy
 86728 | Zig:5    | Killed a royal mummy
 86735 | Zig:5    | Identified the +0 pair of boots of Parts Unknown {Harm
                  | +Blink rC+ Stlth-}
 87010 | Zig:6    | Entered Level 6 of a ziggurat
 87013 | Zig:6    | Found the +7 sceptre of Torment {pain, torment}
 87027 | Zig:6    | Reached XP level 27. HP: 153/153 MP: 29/41
 87090 | Zig:6    | Identified the staff of cold "Deddastru" {rF+ rC+ rCorr
                  | Int-4}
 87113 | Zig:6    | Learned a level 8 spell: Necromutation
 87118 | Zig:7    | Entered Level 7 of a ziggurat
 87376 | Zig:8    | Entered Level 8 of a ziggurat
 87472 | Zig:9    | Entered Level 9 of a ziggurat
 87562 | Zig:9    | Identified the +5 shortbow "Luomufat" {antimagic, Str+2}
 87573 | Zig:9    | Identified the ring "Wenu" {rC+ rN+ Str-3 Int+3}
 87588 | Zig:10   | Entered Level 10 of a ziggurat
 87850 | Zig:10   | Identified the ring of Midwinter {Fly rElec rC+ rN+}
 87852 | Zig:10   | Identified the ring of Cauqol {Fly rC+ rN+ MP+9 Int-3}
 87856 | Zig:10   | Got Sif Muna's Tome of the Shapeshifter
 87868 | Zig:11   | Entered Level 11 of a ziggurat
 87872 | Zig:11   | Noticed a juggernaut
 87893 | Zig:11   | Killed a juggernaut
 88203 | Zig:11   | Found the ring of the Hare {EV+10}
 88227 | Zig:11   | Identified the +4 chain mail "Imegosheu" {rC+ SInv}
 88233 | Zig:11   | Identified the ring of the Lotus Blossom {rPois rC+ Int+6
                  | Stlth-}
 88245 | Zig:11   | Identified the +0 leather armour of the Harvest {Slay+6}
 88250 | Zig:11   | Identified the staff of death "Xayrghoa" {Contam rPois rC++
                  | rN+ Will+++}
 88254 | Zig:12   | Entered Level 12 of a ziggurat
 88279 | Zig:12   | Paralysed by an air elemental for 1 turns
 88522 | Zig:12   | Identified the amulet "Joic" {RegenMP Rampage Str+2 Dex+3
                  | Stlth+}
 88528 | Zig:12   | Identified the +1 double sword of Fae Guile {heavy, Str+2}
 88533 | Zig:12   | Identified the +7 morningstar of Nemelex Xobeh's Anger
                  | {vamp, Will+ Str+2}
 88541 | Zig:12   | Identified the ring of Vampiric Thralls {+Blink rF+ Will-
                  | rCorr Str+2}
 88548 | Zig:13   | Entered Level 13 of a ziggurat
 88574 | Zig:13   | Noticed Utzi Sopt the pandemonium lord
 88642 | Zig:13   | Killed Utzi Sopt the pandemonium lord
 88646 | Zig:14   | Entered Level 14 of a ziggurat
 88705 | Zig:14   | Found the +3 warlock's mirror {omnireflect}
 89189 | Zot:1    | Entered Level 1 of the Realm of Zot
 89434 | Zot:1    | Noticed Parghit
 89958 | Zot:1    | Killed Parghit
 90743 | Zot:1    | Noticed an orb of fire
 90756 | Zot:1    | Gained mutation: You are vulnerable to heat. (rF-) [an orb
                  | of fire]
 90757 | Zot:1    | Killed an orb of fire
 94817 | Zot:5    | Entered Level 5 of the Realm of Zot
 94963 | Zot:5    | Noticed an orb of fire
 94967 | Zot:5    | Noticed an orb of fire
 94995 | Zot:5    | Killed an orb of fire
 95299 | Zot:5    | Noticed an orb of fire
 95326 | Zot:5    | Killed an orb of fire
 95576 | Zot:5    | Gained mutation: Potions are less effective at restoring
                  | your health. [an orb of fire]
 95589 | Zot:5    | Gained mutation: You have hidden genetic defects. [an orb
                  | of fire]
 95591 | Zot:5    | Killed an orb of fire
 95747 | Zot:5    | Lost mutation: You are agile. (Dex +4, Str/Int -1) [potion
                  | of mutation]
 95747 | Zot:5    | Lost mutation: Your flesh is cold resistant. (rC+) [potion
                  | of mutation]
 95747 | Zot:5    | Gained mutation: You are partially covered in iridescent
                  | scales. (AC +2) [potion of mutation]
 95747 | Zot:5    | Lost mutation: You are vulnerable to heat. (rF-) [potion of
                  | mutation]
 95748 | Zot:5    | Lost mutation: You have hidden genetic defects. [potion of
                  | mutation]
 95748 | Zot:5    | Lost mutation: You are partially covered in iridescent
                  | scales. (AC +2) [potion of mutation]
 95748 | Zot:5    | Lost mutation: Your magical capacity is low. (-10% MP)
                  | [potion of mutation]
 95748 | Zot:5    | Gained mutation: Your flesh is heat resistant. (rF+)
                  | [potion of mutation]
 95748 | Zot:5    | Gained mutation: Your mind is acute. (Int +4, Str/Dex -1)
                  | [potion of mutation]
 95748 | Zot:5    | Gained mutation: You are partially covered in iridescent
                  | scales. (AC +2) [potion of mutation]
 95748 | Zot:5    | Gained mutation: You are mostly covered in iridescent
                  | scales. (AC +4) [potion of mutation]
 95909 | Depths:3 | Voluntarily entered the Abyss.
 96686 | Abyss:2  | Found a corrupted altar of Lugonu.
 96884 | Abyss:2  | Found a corrupted altar of Lugonu.
 96892 | Abyss:2  | Gained mutation: You are frail. (-10% HP) [a neqoxec]
 96907 | Abyss:2  | Found a corrupted altar of Lugonu.
 96923 | Abyss:2  | Found a corrupted altar of Lugonu.
 96965 | Abyss:2  | Paralysed by accursed screaming for 1 turns
 97015 | Abyss:2  | Paralysed by accursed screaming for 1 turns
 97040 | Abyss:3  | Found a corrupted altar of Lugonu.
 97146 | Abyss:3  | Found a corrupted altar of Lugonu.
 97246 | Abyss:3  | Found a corrupted altar of Lugonu.
 97347 | Abyss:3  | Found a corrupted altar of Lugonu.
 97355 | Abyss:3  | Found a corrupted altar of Lugonu.
 97437 | Abyss:3  | Found a corrupted altar of Lugonu.
 97473 | Abyss:3  | Found a corrupted altar of Lugonu.
 97808 | Abyss:4  | Got an abyssal rune of Zot
 97861 | Depths:3 | Escaped the Abyss
 98510 | Slime:1  | Entered Level 1 of the Pits of Slime
 98698 | Slime:2  | You fall into a shaft and drop 2 floors!
 98713 | Slime:5  | Entered Level 5 of the Pits of Slime
 99769 | Slime:1  | Gained mutation: You sometimes lose your temper in combat.
                  | [a shining eye]
100775 | Slime:3  | Gained mutation: You are very frail. (-20% HP) [a shining
                  | eye]
101173 | Slime:4  | Lost mutation: You sometimes lose your temper in combat.
                  | [potion of mutation]
101173 | Slime:4  | Lost mutation: Your mind is acute. (Int +4, Str/Dex -1)
                  | [potion of mutation]
101173 | Slime:4  | Gained mutation: You are covered in fur. (AC +1) [potion of
                  | mutation]
101173 | Slime:4  | Gained mutation: You have hidden genetic potential. [potion
                  | of mutation]
101371 | Slime:5  | Noticed the Royal Jelly
101383 | Slime:5  | Killed the Royal Jelly
101739 | Slime:5  | Identified the +0 robe "Vyhellaj" {rPois Dex-5 Stlth+}
101745 | Slime:5  | Identified the +7 arbalest "Dragonbane" {heavy, rElec Will-
                  | Str+5}
101749 | Slime:5  | Identified the +4 dagger of Foolhardiness {drain, Drain
                  | rPois Will+++}
101807 | Slime:5  | Identified the staff of cold "Faoporiz" {rC+ Dex+4}
101809 | Slime:5  | Got a slimy rune of Zot
102390 | D:8      | Lost mutation: You are mostly covered in iridescent scales.
                  | (AC +4) [potion of mutation]
102390 | D:8      | Lost mutation: Potions are less effective at restoring your
                  | health. [potion of mutation]
102390 | D:8      | Lost mutation: You are partially covered in iridescent
                  | scales. (AC +2) [potion of mutation]
102390 | D:8      | Gained mutation: You expend magic power (3 MP) to
                  | strengthen your wands. [potion of mutation]
102391 | D:8      | Lost mutation: You expend magic power (3 MP) to strengthen
                  | your wands. [potion of mutation]
102391 | D:8      | Lost mutation: You have hidden genetic potential. [potion
                  | of mutation]
102391 | D:8      | Gained mutation: You occasionally shout uncontrollably at
                  | your foes. [potion of mutation]
102392 | D:8      | Lost mutation: You are very frail. (-20% HP) [potion of
                  | mutation]
102392 | D:8      | Lost mutation: You are frail. (-10% HP) [potion of
                  | mutation]
102392 | D:8      | Lost mutation: You are covered in fur. (AC +1) [potion of
                  | mutation]
102392 | D:8      | Gained mutation: You have a somewhat thin skeletal
                  | structure. (Dex +2, Stealth+) [potion of mutation]
102392 | D:8      | Gained mutation: Armour fits poorly on your strangely
                  | shaped body. [potion of mutation]
102393 | D:8      | Lost mutation: You occasionally shout uncontrollably at
                  | your foes. [potion of mutation]
102393 | D:8      | Lost mutation: You have a somewhat thin skeletal structure.
                  | (Dex +2, Stealth+) [potion of mutation]
102393 | D:8      | Gained mutation: You have a pair of small horns on your
                  | head. [potion of mutation]
102729 | Pan      | Entered Pandemonium
102757 | Pan      | Noticed Tule the pandemonium lord
103016 | Pan      | Killed Tule the pandemonium lord
103423 | Pan      | Got a demonic rune of Zot
103729 | Pan      | Noticed Laoth the pandemonium lord
103819 | Pan      | Gained mutation: You occasionally shout uncontrollably at
                  | your foes. [a neqoxec]
103979 | Pan      | Gained mutation: You occasionally lose the ability to read
                  | scrolls when taking damage. [a neqoxec]
104187 | Pan      | Lost mutation: You occasionally lose the ability to read
                  | scrolls when taking damage. [potion of mutation]
104187 | Pan      | Lost mutation: Your flesh is heat resistant. (rF+) [potion
                  | of mutation]
104187 | Pan      | Gained mutation: You occasionally lose the ability to drink
                  | potions when taking damage. [potion of mutation]
104187 | Pan      | Gained mutation: You are clumsy. (Dex -2) [potion of
                  | mutation]
104315 | Pan      | Learned a level 8 spell: Ignition
104400 | Pan      | Gained mutation: You frequently scream uncontrollably at
                  | your foes. [a neqoxec]
104659 | Pan      | Noticed Voehicack the pandemonium lord
104690 | Pan      | Killed Voehicack the pandemonium lord
104753 | Pan      | Got Sif Muna's Compendium of the Storm
104845 | Pan      | Found an exit through the horrors of the Abyss.
105557 | Pan      | Noticed Gaeffeav the pandemonium lord
106503 | Pan      | Entered the realm of Gloorx Vloq.
107597 | Pan      | Noticed Gloorx Vloq
107610 | Pan      | Reached skill level 27 in Polearms
107632 | Pan      | Killed Gloorx Vloq
107902 | Pan      | Got a dark rune of Zot
108109 | Pan      | Gained mutation: You are very clumsy. (Dex -4) [a
                  | cacodemon]
108126 | Pan      | Found an exit through the horrors of the Abyss.
108779 | Pan      | Gained mutation: You sometimes lose the ability to drink
                  | potions when taking damage. [a cacodemon]
108875 | Pan      | Noticed Yze Ymel the pandemonium lord
108902 | Pan      | Killed Yze Ymel the pandemonium lord
109889 | Pan      | Found an exit through the horrors of the Abyss.
109980 | Pan      | Found an exit through the horrors of the Abyss.
110186 | Pan      | Gained mutation: You are dopey. (Int -2) [a cacodemon]
110283 | Pan      | Gained mutation: You are weak. (Str -2) [a neqoxec]
110327 | Pan      | Noticed Rokaoduro the pandemonium lord
110362 | Pan      | Killed Rokaoduro the pandemonium lord
111905 | Pan      | Noticed Boemmon the pandemonium lord
111909 | Pan      | Killed Boemmon the pandemonium lord
111909 | Pan      | Noticed Ignacio
111929 | Pan      | Killed Ignacio
111937 | Depths:2 | Escaped Pandemonium
112188 | Pan      | Entered Pandemonium
112206 | Pan      | Noticed Xoujedd the pandemonium lord
112222 | Pan      | Killed Xoujedd the pandemonium lord
112293 | Pan      | Entered the realm of Mnoleg.
113027 | Pan      | Noticed Mnoleg
113065 | Pan      | Killed Mnoleg
113632 | Pan      | Got a glowing rune of Zot
113757 | Pan      | Entered the realm of Cerebov.
113832 | Pan      | Found the +6 sword of Cerebov {flame}
113832 | Pan      | Noticed Cerebov
113961 | Pan      | Identified the +9 rapier of Insufficient Pleasure {freeze,
                  | Int+5 Stlth+}
114342 | Pan      | Found an exit through the horrors of the Abyss.
114349 | Pan      | Reached skill level 27 in Shields
114356 | Pan      | Gained mutation: You have sharp fingernails. [mutagenic
                  | glow]
114370 | Pan      | Gained mutation: Your spells are a little easier to cast,
                  | but a little less powerful. [mutagenic glow]
114441 | Pan      | Identified the +8 mace of Kuonkyon {venom, Dex+3}
114464 | Pan      | Identified the +1 great sword "Ribb" {venom, Will+ Stlth+}
114615 | Pan      | Identified the +3 morningstar of the Vendetta {distort,
                  | Int+2}
114615 | Pan      | Identified the +0 robe of the Other World {Str+4 Int-2
                  | Dex+4}
114852 | Pan      | Learned a level 9 spell: Polar Vortex
115220 | Pan      | Mangled by Cerebov

Illustrated notes

Levels and vault maps discovered:
D:1:      evilmike_arrival_plus, layout_loops_ring, serial_shops, shop,
          basic_ecumenical_altar, fountainhead
D:2:      layout_loops_ring, basic_altar, minmay_pentomino_pile
D:3:      layout_rooms, minmay_randomly_rotated_circles, uniq_jessica,
          uniq_grinder, uniq_sigmund, uniq_natasha
D:4:      layout_loops_ring, nicolae_overflow_hidden_temple,
          nicolae_wooded_promenade
D:5:      layout_basic, overflow_temple_1_default,
          minmay_temple_entry_antechambers, uniq_ijyb
D:6:      layout_loops_corners, mainiacjoe_overflow_catwalk_spiral,
          minmay_ruffians, uniq_crazy_yiuf_cottage, uniq_pikel
D:7:      layout_basic, cheibrodos_ashenzari_chains, gammafunk_ghost_cemetery
D:8:      layout_gridville, minmay_lair_entry_grove, enter_bailey_5,
          ebering_dispersal_statue_hall, kennysheep_generic_room_3, uniq_maggie
D:9:      layout_roguey, serial_curves, eino_curves_01, eino_curves_02,
          eino_curves_01
D:10:     layout_long_grid, serial_shops, nicolae_shop_peninsula, serial_ice,
          serial_ice_m, serial_ice_o, serial_ice_n, serial_ice_l
D:11:     layout_roguey, orc_0_dummy, uniq_josephine
D:12:     layout_irregular_city
D:13:     kennysheep_four_of_diamonds, layout_layer_cave, david_vaults_1,
          uniq_rupert, uniq_frances, uniq_erolcha, uniq_kirke
D:14:     layout_loops_ring, gauntlet_entry_generic,
          infiniplex_staircase_zigzag_4
D:15:     hangedman_depths_entry_try_elsewhere_first, layout_loops_cross,
          chequers_serial_rivers_marsh
Temple:   dshaligram_water_room_temple
Lair:1:   layout_regular_city, gammafunk_ghost_grave,
          grunt_forest_large_clearings, lemuel_fruit_fields, uniq_harold
Lair:2:   layout_regular_city, swamp_mist, grunt_megastairs_5, uniq_erica
Lair:3:   layout_cave_shapes, nicolae_spider_entry_non_spiders,
          gammafunk_ghost_necromancy, serial_bayou_shore_b, uniq_gastronok
Lair:4:   layout_long_grid, dpeg_slime_entry_corner, gammafunk_ghost_hive,
          minivault_11
Lair:5:   evilmike_catoblepas_cave, layout_hall_layers,
          chequers_serial_rivers_marsh, bobbens_ice_dragon_lair,
          infiniplex_staircase_pool, lemuel_fruit_tree, uniq_urug
Swamp:1:  layout_basic_swamp, gammafunk_ghost_cemetery, serial_swamp_ruin,
          evilmike_swamp_ruin_rubble_1, evilmike_swamp_ruin_rubble_2,
          evilmike_swamp_ruin_house_1, swamp_pool3, nicolae_swamp_small_spring,
          uniq_aizul
Swamp:2:  layout_basic_swamp, evilmike_swamp_ruin_house_3, uniq_donald,
          uniq_jorgrun
Swamp:3:  layout_basic_swamp, nicolae_swamp_dense_foliage
Swamp:4:  swamp_fiery, layout_basic_swamp
Spider:1: layout_spider_delve, uniq_louise
Spider:2: layout_spider_delve
Spider:3: layout_cave_pods
Spider:4: guppyfry_spider_rune
Slime:1:  layout_caves
Slime:2:  layout_caves
Slime:3:  layout_caves
Slime:4:  layout_caves, nicolae_slime_round_cave
Slime:5
Orc:1:    layout_caves, nicolae_orc_lost_temple, uniq_fannar
Orc:2:    st_orc_congregation, layout_caves
Elf:1:    nicolae_elf_arrival_dilemma, layout_geoelf_grid, orc_legates,
          uniq_asterion
Elf:2:    elven_hall_of_blades_hangedman_original
          [nicolae_vaults_blade_armed_guards], layout_gridlike
Elf:3:    minmay_elf_hall_furrowed, layout_geoelf_octagon
Vaults:1: nicolae_vaults_house_1, hangedman_vaults_nails, st_octagons_2,
          v_rooms_4, ontoclasm_vaults_decontamination,
          nicolae_vaults_offset_grid_hallway_1,
          nicolae_vaults_trapezoid_lopsided_4, nicolae_vaults_swerve,
          v_pattern_5, nicolae_vaults_wrenched, ontoclasm_vaults_gateway,
          serial_ice_g, vaults_mumra_chevron, v_misc_26, ontoclasm_vaults_eye,
          nicolae_vaults_apartment_1, layout_vaults_omnibox
Vaults:2: v_misc_11, nicolae_vaults_stepped_doors,
          nicolae_vaults_little_squares_2, nicolae_vaults_prndl,
          nicolae_vaults_diamond_1, nicolae_vaults_diamond_1,
          nicolae_vaults_big_angled_halls, v_alt_pattern_3, grunt_vaults_funnel,
          v_pattern_1, nicolae_vaults_little_squares_4, vaults_dpeg_hooks,
          nicolae_vaults_storage_room_water, ontoclasm_vaults_pinch,
          layout_vaults_ring
Vaults:3: hangedman_vaults_cutoff, minmay_crypt_entry_simple_round,
          vaults_room_glass_cross, v_alt_pattern_1, vaults_mumra_hex,
          nicolae_vaults_windows_and_doors_thing,
          nicolae_vaults_more_shelving_2, hangedman_vaults_restitches,
          nicolae_vaults_house_3, nicolae_vaults_little_squares_4, v_rooms_4,
          nicolae_vaults_trapezoid_1, nicolae_vaults_little_ls,
          layout_vaults_omnicross, serial_shops, nicolae_shop_trees
Vaults:4: nicolae_vaults_security_offices_2, hangedman_vaults_capsules,
          v_misc_1, hangedman_vaults_impose, nicolae_vaults_lightning_bolt,
          nicolae_vaults_tetromino_T_2, vaults_room_hallway, vaults_room_pools,
          layout_vaults_quadrants, uniq_sojobo
Vaults:5
Crypt:1:  layout_basic, grunt_ministairs_8
Crypt:2:  cheibrodos_crypt_3hun_7po, layout_regular_city
Crypt:3:  due_elkab, layout_chaotic_city
Depths:1: layout_gridlike, enter_ziggurat_c,
          nicolae_hell_entry_hellmouth_sunbeams, nicolae_titane,
          minmay_misc_feat_tower, glass_columns_b, hangedman_decor_growths,
          hangedman_abyss_or_decor_lesser_grid, st_stairs_1,
          serial_bayou_pond_d, kennysheep_kite_vault
Depths:2: mu_elephants_graveyard, layout_cave_shapes,
          nicolae_dithmenos_shadow_blocks, rand_demon_pan_entry_8,
          nicolae_abyss_entry_one_way_or_another, hell_entry, uniq_grunn
Depths:3: evilmike_diamond_1, layout_basic, hell_entry, abyss_entry,
          hangedman_decor_opposing, nicolae_elyvilon_temple_path,
          infiniplex_staircase_spiral_double
Depths:4: grunt_zot_entry_alcove, layout_cave_shapes, grunt_hell_entry_dis_old,
          minmay_stone_trees_small, eat_drink_and_be_merry_uskayaw
Hell
Tar:1:    layout_honeycomb, nicolae_tar_combstack
Tar:2:    layout_catacombs
Zot:1:    grunt_zot_stairs_mandelzot, layout_gridlike, uniq_parghit
Zot:2:    layout_basic
Zot:3:    layout_misc_corridors
Zot:4:    layout_misc_corridors
Zot:5:    layout_basic
Pan:      evilmike_mini_pan_possible_glass, layout_gridville,
          pan_blood_fountain_small, evilmike_mini_pan_layers,
          layout_grid_shapes, reaverb_pan_chaos_star,
          nicolae_pan_cerebovesque_1, evilmike_mini_pan_V, layout_onion_city,
          evilmike_mini_pan_doors, layout_chambers, pan_disco_hall,
          layout_irregular_city, nicolae_pan_lom_lobonic_2, gloorx_vloq_st,
          layout_irregular_city, nicolae_pan_gloorx_vloqian_4,
          evilmike_mini_pan_branches, layout_basic, pan_blood_fountain_small,
          evilmike_mini_pan_doors_b, layout_gridlike, lemuel_hall_of_pain,
          layout_irregular_city, evilmike_mini_pan_thingy, layout_gridville,
          pan_blood_fountain_small, reaverb_pan_figure_eight, evilmike_holy_pan,
          evilmike_mini_pan_possible_glass, layout_basic, pan_blood_fountain,
          pan_blood_fountain_small, uniq_ignacio, nicolae_pan_mnolegish_4,
          evilmike_mini_pan_corridor, layout_gridlike, pan_blood_fountain_small,
          evilmike_mini_pan_possible_glass, layout_long_grid, mnoleg_grunt,
          layout_gridlike, cerebov_grunt, layout_basic, pan_captured_pigsty

Skill      XL: |  1  2  3  4  5  6  7  8  9 10 11 12 13 14 15 16 17 18 19 20 21 22 23 24 25 26 27 |
---------------+----------------------------------------------------------------------------------+-----
Spellcasting   | 5 6 7 8 9 10 11 12 13 14 15 16 17 18 19 23 | 23.1
Invocations    | 1 2 3 4 5 6 7 8 9 10 11 12 13 14 15 16 17 18 19 20 24 | 24.5
Fighting       | 1 2 3 4 5 6 7 8 9 10 11 12 13 14 15 16 17 18 22 | 22.7
Short Blades   | 1 2 3 4 5 6 7 8 9 10 11 12 13 14 15 16 17 18 22 | 22.7
Long Blades    | 1 2 3 4 5 6 7 8 9 10 11 12 13 14 15 16 17 18 22 | 22.7
Axes           | 1 2 3 4 5 6 7 8 9 10 11 12 13 14 15 16 17 18 22 | 22.7
Maces & Flails | 1 2 3 4 5 6 7 8 9 10 11 12 13 14 15 16 17 18 19 26 | 26.7
Polearms       | 1 2 3 4 5 6 7 8 9 10 11 12 13 15 16 17 18 19 20 21 22 27 | 27.0
Staves         | 1 2 3 4 5 6 7 8 9 10 11 12 13 14 15 16 17 18 22 | 22.7
Ranged Weapons | 1 2 3 4 5 6 7 8 9 10 11 12 13 14 15 16 17 18 25 | 25.8
Throwing       | 1 2 3 4 5 6 7 8 9 10 11 12 13 14 15 16 17 18 22 | 22.7
Armour         | 1 2 3 4 5 6 7 8 9 10 11 12 13 14 15 16 17 18 22 | 22.7
Shields        | 1 2 3 4 5 6 7 8 9 10 11 12 13 14 15 16 18 19 20 27 | 27.0
Unarmed Combat | 1 2 3 4 5 6 7 8 9 10 11 12 13 14 15 16 17 18 22 | 22.7
Evocations     | 1 2 3 4 5 6 7 8 9 10 11 12 13 14 15 16 17 18 22 | 22.7
Hexes          | 1 2 3 4 5 6 7 8 9 10 11 12 13 14 15 19 | 19.5
Summonings     | 1 2 3 4 5 6 7 8 9 10 11 12 13 14 15 19 | 19.5
Necromancy     | 1 2 3 4 5 6 7 8 9 10 11 12 13 14 15 19 | 19.5
Translocations | 1 2 3 4 5 6 7 8 9 10 11 12 13 14 15 19 | 19.5
Transmutations | 1 2 3 4 5 6 7 8 9 10 11 12 13 14 15 19 | 19.5
Fire Magic     | 1 2 3 4 5 6 7 8 9 10 11 12 13 14 15 19 | 19.5
Ice Magic      | 1 2 3 4 5 6 7 8 9 10 11 12 13 14 15 19 | 19.5
Air Magic      | 1 2 3 4 5 6 7 8 9 10 11 12 13 14 15 19 | 19.5
Earth Magic    | 1 2 3 4 5 6 7 8 9 10 11 12 13 14 15 19 | 19.5
Poison Magic   | 1 2 3 4 5 6 7 8 9 10 11 12 13 14 15 19 | 19.5
Dodging        | 5 6 7 8 9 10 11 12 13 14 15 16 17 18 19 23 | 23.0
Stealth        | 5 6 7 8 9 10 11 12 13 14 15 16 17 18 19 25 | 25.9
Conjurations   | 8 9 10 11 12 13 14 15 16 17 20 | 20.5

Action                     |  1- 3 |  4- 6 |  7- 9 | 10-12 | 13-15 | 16-18 | 19-21 | 22-24 | 25-27 || total
---------------------------+-------+-------+-------+-------+-------+-------+-------+-------+-------++-------
  Melee: Quarterstaff      |     7 |       |       |       |       |       |       |       |       ||     7
         Bite              |     1 |       |       |    34 |   199 |   272 |   369 |   327 |   945 ||  2147
         Short sword       |     1 |       |       |       |       |       |       |       |       ||     1
         Lance             |       |       |       |   218 |  1295 |  1682 |  1800 |  1934 |  5187 || 12116
         Punch             |       |       |       |    12 |    96 |    29 |       |       |       ||   137
         Headbutt          |       |       |       |       |       |       |       |       |   717 ||   717
   Fire: Sling             |    13 |    50 |   109 |   123 |       |       |       |       |       ||   295
   Cast: Magic Dart        |    33 |     5 |     1 |    11 |     8 |    49 |    22 |    15 |    29 ||   173
         Searing Ray       |     7 |    10 |    35 |    33 |       |     1 |       |       |       ||    86
         Iskenderun's Myst |       |       |       |   110 |   125 |   121 |   102 |    71 |   139 ||   668
         Apportation       |       |       |       |       |     2 |     9 |     2 |       |    11 ||    24
         Hailstorm         |       |       |       |       |     1 |    12 |       |       |    10 ||    23
         Flame Wave        |       |       |       |       |       |     6 |     2 |     2 |       ||    10
         Summon Forest     |       |       |       |       |       |     9 |       |       |       ||     9
         Iron Shot         |       |       |       |       |       |    69 |    78 |    71 |   104 ||   322
         Statue Form       |       |       |       |       |       |     1 |     5 |    15 |    40 ||    61
         Passwall          |       |       |       |       |       |     4 |     1 |     1 |     5 ||    11
         Spellforged Servi |       |       |       |       |       |       |       |     9 |    21 ||    30
         Dispel Undead     |       |       |       |       |       |       |       |     7 |     6 ||    13
         Orb of Destructio |       |       |       |       |       |       |       |     3 |    11 ||    14
         Irradiate         |       |       |       |       |       |       |       |     6 |    58 ||    64
         Necromutation     |       |       |       |       |       |       |       |       |    61 ||    61
         Ignition          |       |       |       |       |       |       |       |       |    39 ||    39
         Polar Vortex      |       |       |       |       |       |       |       |       |     4 ||     4
 Invoke: Slouch            |       |       |       |     1 |     3 |     6 |     4 |     5 |    29 ||    48
         Step From Time    |       |       |       |       |       |     2 |       |     1 |     5 ||     8
         Bend Time         |       |       |       |       |       |       |       |       |     1 ||     1
         Temporal Distorti |       |       |       |       |       |       |       |       |     1 ||     1
  Evoke: Wand              |       |       |       |    17 |    20 |    33 |    10 |     3 |    28 ||   111
         Phantom mirror    |       |       |       |       |       |       |       |       |     4 ||     4
         Condenser vane    |       |       |       |       |       |       |       |       |     2 ||     2
    Use: Scroll            |     7 |     2 |     3 |    11 |    20 |    14 |     3 |     7 |    43 ||   110
         Potion            |       |       |       |     1 |     5 |    11 |     2 |     1 |    38 ||    58
   Stab: Sleeping          |       |       |       |    12 |    27 |    20 |    20 |    36 |    51 ||   166
         Invisible         |       |       |       |     3 |     1 |     7 |       |       |     7 ||    18
         Distracted        |       |       |       |       |    12 |    14 |     8 |    23 |    67 ||   124
         Paralysed         |       |       |       |       |       |     2 |       |       |       ||     2
         Confused          |       |       |       |       |       |     1 |       |       |       ||     1
 Armour: Robe              |     4 |    12 |    25 |    36 |   142 |   422 |   186 |    44 |       ||   871
         Swamp dragon scal |       |       |       |    86 |   141 |       |       |       |       ||   227
         Skin              |       |       |       |       |       |       |    95 |   134 |   311 ||   540
         Pearl dragon scal |       |       |       |       |       |       |       |   109 |   463 ||   572
         Fire dragon scale |       |       |       |       |       |       |       |       |   212 ||   212
  Dodge: Dodged            |    27 |    21 |    90 |   271 |   757 |  1037 |   838 |  1003 |  2734 ||  6778
  Block: Other             |       |       |       |       |    79 |    29 |       |       |       ||   108
         Reflection        |       |       |       |       |     3 |    11 |    64 |   103 |   125 ||   306
         Buckler           |       |       |       |       |       |   392 |       |       |       ||   392
         Kite shield       |       |       |       |       |       |   536 |  1346 |  1598 |  4705 ||  8185

Table legend: (Time is in decaauts)
 A = Elapsed time spent in this place.
 B = Non-inter-level travel time spent in this place.
 C = Inter-level travel time spent in this place.
 D = Time resting spent in this place.
 E = Time spent auto-exploring this place.
 F = Levels seen in this place.
 G = Mean time per level.
                   A        B        C        D        E       F      G
               +--------+--------+--------+--------+--------+-----+--------+
         Total | 152718 | 139773 |  12945 |  39767 |  72573 |  95 | 1607.6 |
       Dungeon |  31075 |  25672 |   5403 |   6665 |  15304 |  15 | 2071.7 |
        Temple |    180 |    168 |     12 |      0 |    127 |   1 |  180.0 |
          Lair |  11519 |   9839 |   1680 |   2274 |   5660 |   5 | 2303.8 |
         Swamp |   7112 |   6821 |    291 |   2086 |   3574 |   4 | 1778.0 |
   Spider Nest |  13063 |  12510 |    553 |   5805 |   4545 |   4 | 3265.8 |
    Slime Pits |   5130 |   4853 |    277 |   1642 |   2170 |   5 | 1026.0 |
  Orcish Mines |   4368 |   3361 |   1007 |    843 |   1794 |   2 | 2184.0 |
   Elven Halls |   6662 |   6175 |    487 |    649 |   3950 |   3 | 2220.7 |
        Vaults |  16420 |  15634 |    786 |   4520 |   8770 |   5 | 3284.0 |
         Crypt |   6352 |   6042 |    310 |    860 |   3944 |   3 | 2117.3 |
        Depths |  16579 |  14907 |   1672 |   6527 |   6529 |   4 | 4144.8 |
          Hell |   1516 |   1422 |     94 |    443 |    555 |   1 | 1516.0 |
      Tartarus |    920 |    904 |     16 |    119 |    587 |   2 |  460.0 |
           Zot |   8678 |   8327 |    351 |   2107 |   4987 |   5 | 1735.6 |
         Abyss |   2638 |   2638 |      0 |      0 |   1704 |   4 |  659.5 |
   Pandemonium |  15500 |  15500 |      0 |   2576 |   7747 |  16 |  968.8 |
      Ziggurat |   3102 |   3102 |      0 |   1620 |    409 |  14 |  221.6 |
        Bailey |   1159 |   1159 |      0 |    864 |    131 |   1 | 1159.0 |
      Gauntlet |    736 |    736 |      0 |    163 |     80 |   1 |  736.0 |
               +--------+--------+--------+--------+--------+-----+--------+

Top non-repeatable levels by time:
Spider:3: 4912 daAuts
Depths:1: 4641 daAuts
Depths:3: 4133 daAuts
Depths:4: 4116 daAuts
Vaults:1: 4021 daAuts
    D:13: 3968 daAuts
Vaults:3: 3914 daAuts
Depths:2: 3688 daAuts
Vaults:4: 3564 daAuts
   Orc:2: 3508 daAuts
    D:11: 3427 daAuts
Spider:2: 3291 daAuts
    D:12: 3101 daAuts
Spider:4: 2823 daAuts
  Lair:1: 2747 daAuts
